 Dungeon Crawl Stone Soup version 0.31-a0-851-g7ff8af7 (webtiles) character file.

Game seed: 956483209448996480

2944730 steven32 the Intangible (level 27, 264/264 HPs)
             Began as a Demigod Brigand on Oct 6, 2023.
             Escaped with the Orb
             ... and 6 runes!
             The game lasted 03:33:44 (116988 turns).

steven32 the Intangible (Demigod Brigand)         Turns: 116988, Time: 03:33:45

Health: 264/264    AC: 31    Str: 18    XL:     27
Magic:  27/27      EV: 52    Int: 15    God:
Gold:   162        SH: 29    Dex: 52    Spells: 26/26 levels left

rFire   + + +        b - +9 double sword (freeze)
rCold   + + .        w - +2 kite shield {rF+}
rNeg    + . .        W - +2 pearl dragon scales
rPois   +            h - +1 helmet of Ehoussal {Drain rPois rF+}
rElec   +            j - scarf "Joivaogakk" {rC+ rF+, Str-3 Dex+5}
rCorr   .            U - +1 pair of gloves of Midwinter {Fly rElec Int+2}
SInv    +            V - +1 pair of boots
Will    +++..        c - amulet of reflection
Stlth   +            F - ring of Enytz {Will+ Str+7 SInv Stlth-}
HPRegen 0.64/turn    Y - ring of Royalty {+Blink rC+ AC+4 Slay+6}
MPRegen 0.20/turn

%: reflection
@: flying, studying 3 skills
A: high MP 1, forlorn, divine attributes, sense surroundings 1, poison
resistance, weak 1
0: Orb of Zot
}: 6/15 runes: serpentine, barnacled, slimy, silver, abyssal, demonic
a: Evoke Blink


You escaped.
You visited 13 branches of the dungeon, and saw 57 of its levels.
You visited Pandemonium 2 times, and saw 5 of its levels.
You visited the Abyss 2 times.
You visited 2 bazaars.
You also visited: Trove, Sewer and Volcano.

You collected 13581 gold pieces.
You spent 13419 gold pieces at shops.

Inventory:

Hand Weapons
 b - a +9 double sword of freezing (weapon)
Missiles
 g - 13 curare-tipped darts
 q - 27 silver javelins
 u - 9 throwing nets
 P - 5 javelins
 S - 53 boomerangs (quivered)
Armour
 a - a +2 cloak of preservation
 h - the +1 helmet of Ehoussal (worn) {Drain rPois rF+}
   (You found it on level 5 of the Vaults)

   rF+:       It protects you from fire.
   rPois:     It protects you from poison Drain: It drains your maximum health
   when unequipped.
 j - the scarf "Joivaogakk" (worn) {rC+ rF+, Str-3 Dex+5}
   (You found it on level 2 of the Vaults)

   Str-3:     It affects your strength (-3).
   Dex+5:     It affects your dexterity (+5).
 w - a +2 kite shield of fire resistance (worn)
 U - the +1 pair of gloves of Midwinter (worn) {Fly rElec Int+2}
   (You found it on level 15 of the Dungeon)

   Int+2:     It affects your intelligence (+2).
   rElec:     It insulates you from electricity.
   Fly:       It grants you flight.
 V - a +1 pair of boots (worn)
 W - +2 pearl dragon scales (worn)
Jewellery
 c - an amulet of reflection (around neck)
 F - the ring of Enytz (left hand) {Will+ Str+7 SInv Stlth-}
   (You found it in a treasure trove)

   [ring of willpower]

   Str+7:     It affects your strength (+7).
   Will+:     It increases your willpower.
   SInv:      It lets you see invisible.
   Stlth-:    It makes you less stealthy.
 Y - the ring of Royalty (right hand) {+Blink rC+ AC+4 Slay+6}
   (You acquired it on level 2 of the Vaults)

   [ring of protection]

   AC+4:      It affects your AC (+4).
   Slay+6:    It affects your accuracy & damage with ranged weapons and melee
   (+6).
   rC+:       It protects you from cold.
   +Blink:    It lets you blink.
Wands
 p - a wand of digging (17)
 A - a wand of quicksilver (43)
 M - a wand of charming (85)
 O - a wand of mindburst (54)
 Q - a wand of iceblast (58)
 X - a wand of polymorph (28)
Scrolls
 s - 7 scrolls of revelation
 t - 7 scrolls of blinking
 y - 11 scrolls of fear
 B - 3 scrolls of fog
 D - 11 scrolls of poison
 I - 12 scrolls of vulnerability
 K - 15 scrolls of teleportation
 N - 3 scrolls of summoning
 R - 7 scrolls of immolation
 Z - 6 scrolls of silence
Potions
 e - 11 potions of heal wounds
 i - 10 potions of lignification
 k - 17 potions of attraction
 l - 11 potions of might
 m - 34 potions of curing
 o - 6 potions of brilliance
 v - 4 potions of magic
 x - 10 potions of enlightenment
 z - 5 potions of resistance
 C - 7 potions of invisibility
 E - 12 potions of mutation
 G - 9 potions of haste
 H - 5 potions of ambrosia
 J - 3 potions of berserk rage
 T - 6 potions of cancellation
Miscellaneous
 d - a lightning rod (4/4)
 f - a condenser vane
 n - a sack of spiders
 r - a phantom mirror
 L - a phial of floods


   Skills:
 + Level 24.8 Fighting
 - Level 8.8(13.0) Short Blades
 - Level 15.1(16.0) Long Blades
 - Level 16.0 Throwing
 - Level 15.8 Armour
 O Level 27 Dodging
 - Level 3.6 Stealth
 - Level 16.0 Shields
 - Level 12.0 Evocations


You had 26 spell levels left.
You didn't know any spells.
Your spell library contained the following spells:

 Spells                   Type           Power      Damage    Failure   Level
 Apportation              Tloc           0%         N/A       73%         1
 Foxfire                  Conj/Fire      0%         2x1d4     73%         1
 Kiss of Death            Conj/Necr      0%         2d5       73%         1
 Necrotise                Necr           0%         1d4       73%         1
 Slow                     Hex            0%         N/A       73%         1
 Sting                    Tmut/Pois      0%         1d3       73%         1
 Summon Small Mammal      Summ           0%         N/A       73%         1
 Call Imp                 Summ           0%         N/A       86%         2
 Cigotuvi's Dreadful Rot  Necr/Pois/Air  0%         N/A       86%         2
 Ensorcelled Hibernation  Hex/Ice        0%         N/A       86%         2
 Jinxbite                 Hex            0%         N/A       86%         2
 Lesser Beckoning         Tloc           0%         N/A       86%         2
 Passwall                 Tmut/Erth      0%         N/A       86%         2
 Poisonous Vapours        Pois/Air       0%         N/A       86%         2
 Scorch                   Fire           0%         2d5       86%         2
 Static Discharge         Conj/Air       0%         2-2/arc   86%         2
 Sublimation of Blood     Necr           0%         N/A       86%         2
 Call Canine Familiar     Summ           0%         N/A       97%         3
 Confusing Touch          Hex            0%         N/A       97%         3
 Dazzling Flash           Conj/Hex       0%         N/A       97%         3
 Gell's Gravitas          Tloc           0%         N/A       97%         3
 Hailstorm                Conj/Ice       0%         3d3       97%         3
 Ignite Poison            Fire/Tmut/Pois 0%         N/A       97%         3
 Inner Flame              Hex/Fire       0%         N/A       97%         3
 Mephitic Cloud           Conj/Pois/Air  0%         N/A       97%         3
 Ozocubu's Armour         Ice            0%         N/A       97%         3
 Sigil of Binding         Hex            0%         N/A       97%         3
 Summon Guardian Golem    Hex/Summ       0%         N/A       97%         3
 Swiftness                Air            0%         N/A       97%         3
 Teleport Other           Tloc           0%         N/A       97%         3
 Tukima's Dance           Hex            0%         N/A       97%         3
 Vampiric Draining        Necr           0%         2d6       97%         3
 Volatile Blastmotes      Fire/Tloc      0%         2d10      97%         3
 Airstrike                Air            0%         2d(0-16)  100%        4
 Anguish                  Hex/Necr       0%         N/A       100%        4
 Animate Armour           Summ/Erth      0%         N/A       100%        4
 Animate Dead             Necr           0%         N/A       100%        4
 Brom's Barrelling Bould  Conj/Erth      0%         2d3       100%        4
 Dimensional Bullseye     Hex/Tloc       0%         N/A       100%        4
 Dispel Undead            Necr           0%         3d6       100%        4
 Flame Wave               Conj/Fire      0%         2d4       100%        4
 Fulminant Prism          Conj/Hex       0%         3d5       100%        4
 Iskenderun's Mystic Bla  Conj/Tloc      0%         2d3       100%        4
 Leda's Liquefaction      Hex/Erth       0%         N/A       100%        4
 Olgreb's Toxic Radiance  Pois           0%         N/A       100%        4
 Passage of Golubria      Tloc           0%         N/A       100%        4
 Petrify                  Tmut/Erth      0%         N/A       100%        4
 Sticky Flame             Conj/Fire      0%         2d3       100%        4
 Summon Ice Beast         Ice/Summ       0%         N/A       100%        4
 Summon Lightning Spire   Summ/Air       0%         N/A       100%        4
 Vhi's Electric Charge    Tloc/Air       0%         N/A       100%        4
 Agony                    Necr           0%         N/A       100%        5
 Alistair's Intoxication  Tmut/Pois      0%         N/A       100%        5
 Arcjolt                  Conj/Air       0%         1d10      100%        5
 Borgnjor's Vile Clutch   Necr/Erth      0%         N/A       100%        5
 Fireball                 Conj/Fire      0%         3d3       100%        5
 Freezing Cloud           Conj/Ice/Air   0%         6-21      100%        5
 Irradiate                Conj/Tmut      0%         3d11      100%        5
 Iskenderun's Battlesphe  Conj           0%         2d6       100%        5
 Lee's Rapid Deconstruct  Erth           0%         3d4*      100%        5
 Metabolic Englaciation   Hex/Ice        0%         N/A       100%        5
 Silence                  Hex/Air        0%         N/A       100%        5
 Summon Forest            Summ/Tloc      0%         N/A       100%        5
 Yara's Violent Unravell  Hex/Tmut       0%         3d3       100%        5
 Bombard                  Conj/Erth      0%         9d1       100%        6
 Conjure Ball Lightning   Conj/Air       0%         3x3d6     100%        6
 Death Channel            Necr           0%         N/A       100%        6
 Dispersal                Tloc           0%         N/A       100%        6
 Eringya's Noxious Bog    Tmut/Pois      0%         4d6       100%        6
 Plasma Beam              Fire/Air       0%         2x1d10    100%        6
 Simulacrum               Ice/Necr       0%         N/A       100%        6
 Starburst                Conj/Fire      0%         6d3       100%        6
 Summon Cactus Giant      Summ           0%         N/A       100%        6
 Enfeeble                 Hex            0%         N/A       100%        7
 Malign Gateway           Summ/Tloc      0%         N/A       100%        7
 Orb of Destruction       Conj           0%         9d5       100%        7
 Spellforged Servitor     Conj/Summ      0%         N/A       100%        7
 Summon Hydra             Summ           0%         N/A       100%        7
 Borgnjor's Revivificati  Necr           0%         N/A       100%        8
 Discord                  Hex            0%         N/A       100%        8
 Disjunction              Tloc           0%         N/A       100%        8
 Ignition                 Fire           0%         3d3       100%        8
 Infestation              Necr           0%         N/A       100%        8
 Lehudib's Crystal Spear  Conj/Erth      0%         10d2      100%        8
 Maxwell's Capacitive Co  Air            0%         ∞         100%        8
 Summon Horrible Things   Summ           0%         N/A       100%        8
 Fire Storm               Conj/Fire      0%         5d1       100%        9


Dungeon Overview and Level Annotations

Branches:
Dungeon (15/15)            Temple (1/1) D:6            Lair (5/5) D:10
 Shoals (4/4) Lair:3        Snake (4/4) Lair:2        Slime (5/5) Lair:5
    Orc (2/2) D:11            Elf (3/3) Orc:2        Vaults (5/5) D:14
  Crypt (3/3) Vaults:2       Tomb (0/3) Crypt:3      Depths (4/4) D:15
   Hell (visited)             Dis (0/7) Hell            Geh (0/7) Hell
    Coc (0/7) Hell            Tar (0/7) Hell            Zot (5/5) Depths:4
  Sewer (visited)         Volcano (visited)

Shops:
D:4 ?   D:5 ?   D:14 !   Orc:2 =(([:   Elf:1 (   Shoals:2 ?   Shoals:3 !
Snake:1 (:(=*   Snake:3 (:   Vaults:1 *([   Vaults:2 ?   Vaults:3 [
Vaults:5 =   Depths:2 [*   Depths:4 (

Portals:
Hell: Depths:1 Depths:2 Depths:3 Depths:4
Abyss: Depths:3
Pandemonium: Depths:2 Depths:3
Ziggurat: Depths:3


Innate Abilities, Weirdness & Mutations

You have an increased reservoir of magic. (+10% MP)
You shall have no god before yourself.
Your divine heritage dramatically boosts your attributes as you level up.
You passively map a small area around you.
Your system is resistant to poisons. (rPois)
You are weak. (Str -2)


Message History

The demonspawn warmonger is engulfed in blazing flames.
Flame seeps out of the demonspawn warmonger.
The demonspawn warmonger calls upon its god to speed up the demonspawn corrupter.
The demonspawn corrupter seems to speed up.
The Tzitzimitl calls on the powers of darkness!
The deep elf sorcerer convulses!
Flame seeps out of the deep elf sorcerer.
Your body is wracked with pain!
* * * LOW HITPOINT WARNING * * *
The deep elf sorcerer convulses!
Flame seeps out of the deep elf sorcerer.
The deep elf high priest convulses!
Flame seeps out of the deep elf high priest.
You block the demonspawn corrupter's attack. x2
The deep elf sorcerer is engulfed in blazing flames.
Flame seeps out of the deep elf sorcerer.
The deep elf sorcerer shouts, "You are history!"
The deep elf sorcerer hits you but does no damage.
The blizzard demon is engulfed in blazing flames.
Flame seeps out of the blizzard demon.
The orange demon is engulfed in blazing flames.
Flame seeps out of the orange demon.
The deep elf high priest is engulfed in blazing flames.
Flame seeps out of the deep elf high priest.
The deep elf high priest utters a dark prayer and points at you.
Your life force is offered up.
* * * LOW HITPOINT WARNING * * *
The demonspawn corrupter is healed.
The orange demon is healed.
The blizzard demon is healed.
The demonspawn warmonger is healed.
The deep elf sorcerer is healed.
The deep elf high priest is healed.
The deep elf sorcerer is healed.
The Executioner is engulfed in blazing flames.
Flame seeps out of the Executioner.
You take 50 damage, and have 48/261 hp.
Okay, then.
Blink to where?
Press: ? - help, Dir - move target
As you read the scroll of blinking, it crumbles to dust.
The sixfirhy is engulfed in blazing flames.
You hear an explosion!
The fiery explosion engulfs the demonspawn warmonger!
The demonspawn warmonger resists.
Flame seeps out of the demonspawn warmonger.
The demonspawn warmonger is severely wounded.
You hear an explosion!
The blizzard demon is engulfed in blazing flames.
Flame seeps out of the blizzard demon.
The blizzard demon rages.
The demonspawn warmonger is engulfed in blazing flames.
Flame seeps out of the demonspawn warmonger.
The Tzitzimitl calls on the powers of darkness!
Your body is wracked with pain!
* * * LOW HITPOINT WARNING * * *
The deep elf sorcerer convulses!
Flame seeps out of the deep elf sorcerer.
The deep elf sorcerer is engulfed in blazing flames.
The deep elf sorcerer's corpse disappears in a puff of smoke!
The deep elf sorcerer explodes!
The fiery explosion engulfs the apocalypse crab.
The apocalypse crab resists.
The apocalypse crab is lightly wounded.
The fiery explosion engulfs the demonspawn corrupter!!!
Flame seeps out of the demonspawn corrupter.
The demonspawn corrupter is heavily wounded.
The fiery explosion engulfs the demonspawn black sun!!
Flame seeps out of the demonspawn black sun.
The demonspawn black sun is moderately wounded.
The fiery explosion engulfs the large abomination!!
Flame seeps out of the large abomination.
The large abomination is heavily damaged.
The fiery explosion engulfs the demonspawn corrupter!!!
Flame seeps out of the demonspawn corrupter.
The demonspawn corrupter is heavily wounded.
The fiery explosion engulfs the orange demon!!
Flame seeps out of the orange demon.
The orange demon is severely wounded.
The demonspawn corrupter is engulfed in blazing flames.
Flame seeps out of the demonspawn corrupter.
The demonspawn corrupter mumbles some strange prayers to Lugonu against you.
The entropic weave corrodes you!
The apocalypse crab is engulfed in blazing flames.
The blizzard demon is engulfed in blazing flames.
Flame seeps out of the blizzard demon.
The blizzard demon rages.
The orange demon is engulfed in blazing flames.
Flame seeps out of the orange demon.
You hear a chilling moan.
You take 20 damage, and have 28/261 hp.
Blink to where?
Press: ? - help, Dir - move target
Found a potion of heal wounds.
As you read the scroll of blinking, it crumbles to dust.
Unknown command.
Unknown command.
Unknown command.
Unknown command.
Unknown command.
Blink to where?
Press: ? - help, Dir - move target
Found 17 gold pieces.
As you read the scroll of blinking, it crumbles to dust.
The terrible wounds on your body vanish.
You regained 32 hp, and now have 61/261 hp.
You hear a grinding noise.
A balrug comes into view.
It is wielding a +1 vampiric demon whip.
You regained 3 hp, and now have 65/261 hp.
You block the sixfirhy's attack.
You hear a grinding noise.
As you read the scroll of summoning, it crumbles to dust.
Wisps of shadow whirl around you...
The sixfirhy is no longer absorbing vital energies.
You block the Executioner's attack. x3; The Executioner hits you.
* * * LOW HITPOINT WARNING * * *
You feel your attacks grow feeble. You block the Executioner's attack.
The Executioner completely misses you.
You take 4 damage, and have 63/261 hp.
The sixfirhy attacks as it pursues you! You block the sixfirhy's attack.
The sixfirhy completely misses you.
Your sixfirhy hits the Executioner.
Flame seeps out of the Executioner.
Your sixfirhy shocks the Executioner.
The Executioner resists.
Flame seeps out of the Executioner.
You block the sixfirhy's attack. The sixfirhy completely misses you.
You block the Executioner's attack.
The Executioner hits you but does no damage.
You block the Executioner's attack.
Your hell beast closely misses the sixfirhy.
Your hell beast tramples the sixfirhy but does no damage.
You block the Executioner's attack.
The Executioner completely misses you. x2
Your red devil hits the Executioner with a +0 demon trident of venom!!
Flame seeps out of the Executioner.
The Executioner is skewered by barbed spikes.
The Executioner looks as sick as possible!
Your reaper hits the Executioner with a +1 scythe of protection!
Flame seeps out of the Executioner.
A sun demon comes into view.
The balrug gestures at you. The bolt of fire misses your reaper.
The bolt of fire misses you.
The bolt of fire hits your hell beast!!!
A sun demon comes into view.
The sun demon shouts!
Flame seeps out of the Executioner.
The Executioner is no longer absorbing vital energies.
The Executioner is engulfed in blazing flames.
Flame seeps out of the Executioner. x2
The Executioner is engulfed in blazing flames.
Flame seeps out of the Executioner.
The Executioner hits you!
* * * LOW HITPOINT WARNING * * *
You block the Executioner's attack. x2
Your hell beast closely misses the Executioner.
Your hell beast tramples the Executioner but does no damage.
You hear a grinding noise.
The Executioner completely misses you. x2; You block the Executioner's attack.
Your red devil closely misses the Executioner.
Your hell beast closely misses the Executioner.
Your hell beast tramples the Executioner.
Flame seeps out of the Executioner.
The Executioner stumbles backwards!
Your reaper hits the Executioner but does no damage.
You take 14 damage, and have 50/261 hp.
Blink to where?
Press: ? - help, Dir - move target
As you read the scroll of blinking, it crumbles to dust.
Flame seeps out of the Executioner.
The Executioner is engulfed in blazing flames.
Flame seeps out of the Executioner. x2
The Executioner is engulfed in blazing flames.
Flame seeps out of the Executioner. x2
You hear a grinding noise.
Flame seeps out of the Executioner.
Aiming: Dig
Press: ? - help, Shift-Dir - straight line You can't see that place. [an exit through the horrors of the Abyss.]
The weird stuff shatters into small pieces.
Flame seeps out of the Executioner.
The Executioner is engulfed in blazing flames.
Flame seeps out of the Executioner. x2
The Executioner is engulfed in blazing flames.
Flame seeps out of the Executioner.
The Executioner dissolves into shadows!
The Executioner explodes!
You hear a shout!
Blink to where?
Press: ? - help, Dir - move target
As you read the scroll of blinking, it crumbles to dust.
You hear a grinding noise.
You pass through the gate.
You enter the Abyss!
To return, you must find a gate leading back.
Killing monsters will force the Abyss to allow you passage.
Found two portals.
You regained 2 hp, and now have 53/261 hp.
Unknown command.
Unknown command.
Found a corrupted altar of Lugonu.
There is a gateway leading out of the Abyss here.
You pass through the gate.
Welcome back to the Depths!
There is a one-way gate leading to the halls of Pandemonium here.
You start resting.
Your attacks no longer feel as feeble.
You start resting.
You are no longer corroded.
You regained 14 hp, and now have 71/261 hp.
You start resting.
HP restored.
Health restored: 261 Search for what [Enter for "pan", or ? for help]? orb of zot
There is an open door here.
There is a stone staircase leading down here.
You fly downwards.
There is a stone staircase leading up here.
Items here: ))) [[[.
There is an open door, spattered with blood here.
Items here: )) [[.
There is an open door here.
There is a stone staircase leading down here.
You fly downwards.
There is a stone staircase leading up here.
Things that are here:
a +0 cloak; a +0 war axe
Things that are here:
4 large rocks; a +0 dire flail
There is a gate to the Realm of Zot here.
You fly down through the gate.
Welcome back to the Realm of Zot!
There is a gate leading back out of this place here.
There is an open door here.
There is a stone staircase leading down here.
You fly downwards.
There is a stone staircase leading up here.
You see here a +0 scimitar.
There is a stone staircase leading down, spattered with blood here.
You fly downwards.
There is a stone staircase leading up, spattered with blood here.
There is an open door here.
Things that are here:
a +0 battleaxe; a +0 cloak; a +0 dagger
There is a stone staircase leading down here.
You fly downwards.
There is a stone staircase leading up, spattered with blood here.
You see here a +0 trident.
You see here a +0 battleaxe.
There is a stone staircase leading down, spattered with blood here.
You fly downwards.
There is a stone staircase leading up, spattered with blood here.
You see here a +0 short sword.
You see here the Orb of Zot.
You pick up the Orb of Zot!
The Orb lets out a hideous shriek!
The lords of Pandemonium are not amused.
Beware!
Now all you have to do is get back out of the dungeon!
A soul eater comes into view.
A soul eater is nearby!
You enter a permanent teleport trap!
Your surroundings suddenly seem different.
An Orb Guardian comes into view.
You chop the Orb Guardian into pieces!!!
You freeze the Orb Guardian!
The Orb Guardian is heavily wounded.
The Orb Guardian completely misses you.
You slash the Orb Guardian! You freeze the Orb Guardian.
The Orb Guardian is severely wounded.
The Orb Guardian completely misses you.
You closely miss the Orb Guardian.
The Orb Guardian is severely wounded.
You block the Orb Guardian's attack.
You open the Orb Guardian like a pillowcase!!!
You freeze the Orb Guardian!
You kill the Orb Guardian!
An Orb Guardian comes into view.
You slice the Orb Guardian like a ripe choko!!!
You freeze the Orb Guardian.
The Orb Guardian is severely wounded.
You block the Orb Guardian's attack.
You barely miss the Orb Guardian.
The Orb Guardian is severely wounded.
The Orb Guardian barely misses you.
You carve the Orb Guardian like a ham!!!
You freeze the Orb Guardian!
You kill the Orb Guardian!
No target in view!
An Orb Guardian comes into view.
Unknown command.
An Orb Guardian comes into view.
The Orb Guardian fails to trigger a net trap.
An Orb Guardian comes into view.
You slice the Orb Guardian!! You freeze the Orb Guardian!
The Orb Guardian is moderately wounded.
The Orb Guardian fails to trigger a net trap.
You block the Orb Guardian's attack.
You open the Orb Guardian like a pillowcase!!!
You freeze the Orb Guardian!
You kill the Orb Guardian!
The Orb Guardian drops a net on you.
You become entangled in the net!
You are held in a net!
You struggle against the net.
An Ice Fiend comes into view.
The Orb Guardian hits you!
You take 8 damage, and have 253/261 hp.
Unknown command.
Unknown command.
Unknown command.
You tear a large gash into the net.
The Orb Guardian misses you.
The Ice Fiend calls on the powers of darkness!
Your body is wracked with pain!
You take 112 damage, and have 141/261 hp.
MASSIVE DAMAGE!!
You rip the net and break free!
You block the Orb Guardian's attack. The Orb Guardian completely misses you.
The Orb Guardian barely misses you. The Orb Guardian completely misses you.
Blink to where?
Press: ? - help, Dir - move target
As you read the scroll of blinking, it crumbles to dust.
The Orb Guardian drops a net on you.
You avoid being caught in a net.
The Orb Guardian fails to trigger a net trap.
You block the Orb Guardian's attack.
A red devil comes into view. It is wielding a +0 trident.
You block the Orb Guardian's attack.
The Orb Guardian attacks as it pursues you!
You block the Orb Guardian's attack.
The Orb Guardian attacks as it pursues you!
You block the Orb Guardian's attack. The Orb Guardian completely misses you.
The red devil completely misses you.
You slice the Orb Guardian!! You freeze the Orb Guardian!
The Orb Guardian is heavily wounded.
The Orb Guardian barely misses you. 3 golden eyes come into view.
You completely miss the Orb Guardian.
The Orb Guardian is heavily wounded.
The golden eye turns its gaze towards you. x3
The Orb Guardian completely misses you. You block the red devil's attack.
The Orb Guardian misses you.
You barely miss the Orb Guardian.
The Orb Guardian is heavily wounded.
You block the Orb Guardian's attack. x2; You block the red devil's attack.
The golden eye blinks!
The golden eye blinks at you. You resist with almost no effort.
You slash the Orb Guardian! You freeze the Orb Guardian.
The Orb Guardian is severely wounded.
You block the Orb Guardian's attack. x2; You block the red devil's attack.
The golden eye blinks at you. You resist with almost no effort.
The golden eye blinks at you. You resist with almost no effort.
The Orb Guardian completely misses you.
You slice the Orb Guardian!! You freeze the Orb Guardian!
The Orb Guardian is almost dead.
You block the Orb Guardian's attack. The golden eye blinks at you.
You resist with almost no effort. The golden eye blinks at you.
You resist with almost no effort. You block the Orb Guardian's attack.
The golden eye blinks at you. You resist with almost no effort.
You slash the Orb Guardian! You freeze the Orb Guardian.
You kill the Orb Guardian!
You block the red devil's attack. The golden eye blinks at you.
You resist with almost no effort. You block the Orb Guardian's attack.
The golden eye blinks at you. You resist with almost no effort.
You block the Orb Guardian's attack. The golden eye blinks at you.
You resist with almost no effort.
There is a stone staircase leading up, spattered with blood here.
The Orb Guardian completely misses you. The golden eye blinks at you.
You resist with almost no effort.
The red devil hits you but does no damage.
You fly upwards.
There is a stone staircase leading down, spattered with blood here.
You regained 2 hp, and now have 155/261 hp.
You slash the Orb Guardian! You freeze the Orb Guardian.
The Orb Guardian is lightly wounded.
You block the Orb Guardian's attack. The golden eye blinks at you.
You resist with almost no effort. The golden eye blinks at you.
You resist with almost no effort. The golden eye blinks at you.
You resist with almost no effort.
You completely miss the Orb Guardian.
The Orb Guardian is lightly wounded.
You block the Orb Guardian's attack. The golden eye blinks at you.
You resist with almost no effort. You block the Orb Guardian's attack.
You chop the Orb Guardian into pieces!!!
You freeze the Orb Guardian!
The Orb Guardian is severely wounded.
The golden eye blinks at you. You resist with almost no effort.
The golden eye blinks at you. You resist with almost no effort.
The Orb Guardian completely misses you.
You chop the Orb Guardian into pieces!!!
You freeze the Orb Guardian!
You kill the Orb Guardian!
The golden eye blinks at you. You resist with almost no effort.
The golden eye blinks at you. You resist with almost no effort.
You slice the golden eye like a ripe choko!!!
You freeze the golden eye.
You kill the golden eye!
The golden eye blinks at you. You resist with almost no effort.
You slice the golden eye!! You freeze the golden eye.
You kill the golden eye!
The golden eye blinks at you. You resist with almost no effort.
You closely miss the golden eye.
The golden eye blinks!
The golden eye blinks!
A golden eye is nearby!
Unknown command.
Throw: 53 boomerangs
Press: ? - help, Q - select action, (/) - cycle Shift-Dir - straight line, f - golden eye
Aim: a golden eye (69% to hit)
You throw a boomerang. The boomerang hits the golden eye!
The golden eye is almost dead.
Throw: 53 boomerangs
Press: ? - help, Q - select action, (/) - cycle Shift-Dir - straight line, f/p - golden eye
Aim: a golden eye (almost dead, 69% to hit)
You throw a boomerang.
The boomerang closely misses the golden eye.
The golden eye blinks at you. You resist with almost no effort.
A golden eye is nearby!
Unknown command.
Throw: 53 boomerangs
Press: ? - help, Q - select action, (/) - cycle Shift-Dir - straight line, f/p - golden eye
Aim: a golden eye (almost dead, 69% to hit)
You throw a boomerang.
The boomerang completely misses the golden eye.
The golden eye blinks!
A golden eye is nearby!
Unknown command.
Throw: 53 boomerangs
Press: ? - help, Q - select action, (/) - cycle Shift-Dir - straight line, f/p - golden eye
Aim: a golden eye (almost dead, 69% to hit)
You throw a boomerang.
The boomerang closely misses the golden eye.
The golden eye blinks!
A golden eye is nearby!
Unknown command.
Throw: 53 boomerangs
Press: ? - help, Q - select action, (/) - cycle Shift-Dir - straight line, f/p - golden eye
Aim: a golden eye (almost dead, 69% to hit)
You throw a boomerang. The boomerang hits the golden eye!!
You kill the golden eye!
You see here a +0 trident.
There is a stone staircase leading up, spattered with blood here.
You fly upwards.
There is a stone staircase leading down here.
You regained 10 hp, and now have 173/262 hp.
Things that are here:
a +0 battleaxe; a +0 cloak; a +0 dagger
There is a stone staircase leading up here.
You fly upwards.
There is a stone staircase leading down here.
You regained 7 hp, and now have 180/262 hp.
There is a stone staircase leading up here.
You fly upwards.
There is a stone staircase leading down here.
You regained 8 hp, and now have 188/262 hp.
A chaos spawn and a neqoxec come into view.
You regained 4 hp, and now have 192/262 hp.
Throw: 53 boomerangs
Press: ? - help, Q - select action, (/) - cycle Shift-Dir - straight line, f - neqoxec
Aim: a neqoxec (wandering, hasn't noticed you, 80% to hit)
You throw a boomerang. The boomerang hits the neqoxec!!
The neqoxec is heavily wounded.
Throw: 53 boomerangs
Press: ? - help, Q - select action, (/) - cycle Shift-Dir - straight line, f/p - neqoxec
Aim: a neqoxec (heavily wounded, 80% to hit)
You throw a boomerang.
The boomerang completely misses the neqoxec.
Throw: 53 boomerangs
Press: ? - help, Q - select action, (/) - cycle Shift-Dir - straight line, f/p - neqoxec
Aim: a neqoxec (heavily wounded, 80% to hit)
You throw a boomerang. The boomerang hits the neqoxec!!
You kill the neqoxec!
Ysen comes into view.
Unknown command.
Unknown command.
There is a stone staircase leading down here.
You fly downwards.
There is a stone staircase leading up here.
You regained 2 hp, and now have 199/262 hp.
An Orb Guardian comes into view.
You regained 3 hp, and now have 202/262 hp.
You can't go up here!
There is a stone staircase leading up, spattered with blood here.
You block the Orb Guardian's attack.
You fly upwards.
There is a stone staircase leading down here.
You regained 2 hp, and now have 210/262 hp.
There is a gate leading back out of this place here.
You fly up through the gate.
Welcome back to the Depths!
There is a gate to the Realm of Zot here.
You regained 28 hp, and now have 238/262 hp.
Items here: ))) [.
A balrug and 2 sun demons come into view.
You regained 14 hp, and now have 252/262 hp.
There are monsters nearby!
The sun demon shouts!
You block the sun demon's attack.
You slice the sun demon!! You freeze the sun demon!!
You kill the sun demon!
The balrug gestures at you.
The fireball explodes!
The fireball engulfs you but does no damage.
The fireball engulfs the plant!!
The plant begins to die.
The plant is engulfed in a cloud of scalding steam.
The balrug gestures at you. The bolt of fire hits you! You resist.
You take 6 damage, and have 247/262 hp.
The balrug gestures at you.
The fireball explodes!
The fireball engulfs you. You resist.
The fireball engulfs the sun demon.
The sun demon completely resists.
The fireball engulfs the balrug.
The balrug completely resists.
You block the sun demon's attack.
You see here 2 large rocks.
You slash the balrug! You freeze the balrug!
The balrug is moderately wounded.
The plant is engulfed in a cloud of scalding steam.
You block the balrug's attack. You block the sun demon's attack.
You slice the balrug like a ripe choko!!!
You freeze the balrug.
You kill the balrug!
You block the sun demon's attack.
You regained 3 hp, and now have 250/264 hp.
You slice the sun demon!! You freeze the sun demon!
The sun demon is almost dead.
The plant is engulfed in a cloud of scalding steam.
A nearby plant withers and dies.
You block the sun demon's attack.
You closely miss the sun demon.
The sun demon is almost dead.
The sun demon completely misses you.
You chop the sun demon into pieces!!! You freeze the sun demon.
You kill the sun demon!
A nearby plant withers and dies. x2
No target in view!
A Zoumoc, a neqoxec, a large abomination and a blizzard demon come into view.
You regained 2 hp, and now have 253/264 hp.
Unknown command.
The blizzard demon shouts! 2 hell hounds come into view.
The hell hound barks!
There is a stone staircase leading up here.
Zoumoc gestures.
The dungeon shakes, a horrible noise fills the air, and a portal to some otherworldly place is opened!
You fly upwards.
There is a stone staircase leading down here.
You regained 2 hp, and now have 258/264 hp.
A Hell Sentinel comes into view.
You slice the Hell Sentinel like a ripe choko!!!
The Hell Sentinel is moderately wounded.
You hit the Hell Sentinel but do no damage.
The Hell Sentinel is moderately wounded.
The Hell Sentinel closely misses you.
The Hell Sentinel completely misses you.
You chop the Hell Sentinel into pieces!!!
The Hell Sentinel is severely wounded.
You block the Hell Sentinel's attack. x2
You barely miss the Hell Sentinel.
The Hell Sentinel is severely wounded.
The Hell Sentinel gestures at you.
You block the iron shot... and reflect it back!
The iron shot hits the Hell Sentinel!
You slash the Hell Sentinel!
The Hell Sentinel is almost dead.
You slice the Hell Sentinel!!
The Hell Sentinel is almost dead.
The Hell Sentinel completely misses you.
You block the Hell Sentinel's attack.
You hit the Hell Sentinel.
You kill the Hell Sentinel!
A sixfirhy comes into view.
A sixfirhy is nearby!
Health restored: 264 You block the sixfirhy's attack.
You cut the sixfirhy into ribbons!!!! You freeze the sixfirhy!
You kill the sixfirhy!
No target in view!
There is an open door here.
There is an open door here.
You reach down and open the door.
There is an open door here.
There is an open door here.
There is an open door, spattered with blood here.
Things that are here:
a +0 plate armour; a +0 great mace
There is an open door here.
You reach down and open the door.
There is an open door here.
There is a stone staircase leading up here.
You fly upwards.
There is a stone staircase leading down here.
A chaos spawn comes into view.
A chaos spawn is nearby!
You cut the chaos spawn into ribbons!!! You freeze the chaos spawn!
You kill the chaos spawn!
The chaos spawn degenerates into a cloud of primal chaos!
No target in view!
No target in view!
Things that are here:
2 stones; a +0 spear
Items here: ( ) [[.
There is a stone staircase leading up here.
You fly upwards.
There is a stone staircase leading down here.
You see here a +0 spear.
There is a staircase back to the Dungeon here.
You fly upwards.
Welcome back to the Dungeon!
There is a staircase to the Depths, spattered with blood here.
Unknown command.
You see here 4 large rocks.
An Orb Guardian comes into view.
A Brimstone Fiend comes into view.
The Brimstone Fiend roars!
You block the Orb Guardian's attack.
You cut the Orb Guardian into ribbons!!!
You freeze the Orb Guardian!
The Orb Guardian is severely wounded.
You block the Orb Guardian's attack.
The Orb Guardian attacks as it pursues you!
The Orb Guardian hits you!! The Orb Guardian hits you!
You take 32 damage, and have 232/264 hp.
A reaper comes into view. It is wielding a +0 scythe of freezing.
There is a stone staircase leading up, spattered with blood here.
You block the Orb Guardian's attack.
You fly upwards.
There is a stone staircase leading down here.
You regained 2 hp, and now have 235/264 hp.
You carve the Orb Guardian like a ham!!!
You freeze the Orb Guardian!
You kill the Orb Guardian!
No target in view!
No target in view!
There is a stone staircase leading up, spattered with blood here.
You fly upwards.
There is a stone staircase leading down here.
You regained 13 hp, and now have 248/264 hp.
There is an escape hatch in the ceiling here.
HP restored.
An Uwez and a crimson imp come into view.
Health restored: 264 Unknown command.
Unknown command.
The crimson imp shouts!
Uwez moves out of view.
The crimson imp blinks!
Uwez gestures at you.
You are engulfed in freezing vapours.
You resist.
You are engulfed in freezing vapours.
You resist.
You are engulfed in freezing vapours.
You resist.
Uwez is engulfed in freezing vapours.
You take 3 damage, and have 261/264 hp.
You slice Uwez!! You freeze Uwez.
Uwez is moderately wounded.
You open Uwez like a pillowcase!!! You freeze Uwez.
Uwez is heavily wounded.
You block Uwez's attack.
The crimson imp blinks!
You slice Uwez!!
Uwez is severely wounded.
You block Uwez's attack.
You slash Uwez! You freeze Uwez.
Uwez is severely wounded.
Uwez is engulfed in freezing vapours.
Uwez gestures at you. The freezing blast misses you.
You chop Uwez into pieces!!! You freeze Uwez.
Uwez is almost dead.
You are engulfed in freezing vapours.
You resist.
Health restored: 264 You slice Uwez!!
You freeze Uwez.
You kill Uwez!
You are engulfed in freezing vapours.
You resist.
An Orb Guardian comes into view.
You take 1 damage, and have 263/264 hp.
Health restored: 264
Okay, then.
The Orb Guardian is engulfed in freezing vapours.
The Orb Guardian is engulfed in freezing vapours.
The Orb Guardian is engulfed in freezing vapours.
You block the Orb Guardian's attack. You block the crimson imp's attack.
You slash the Orb Guardian! You freeze the Orb Guardian.
The Orb Guardian is moderately wounded.
You block the Orb Guardian's attack. You block the crimson imp's attack.
You slice the Orb Guardian!! You freeze the Orb Guardian.
The Orb Guardian is heavily wounded.
You block the Orb Guardian's attack. x2
You slash the Orb Guardian! You freeze the Orb Guardian.
The Orb Guardian is heavily wounded.
You block the crimson imp's attack. You block the Orb Guardian's attack.
You barely miss the Orb Guardian.
The Orb Guardian is heavily wounded.
You block the crimson imp's attack. You block the Orb Guardian's attack.
You slash the Orb Guardian! You freeze the Orb Guardian.
The Orb Guardian is severely wounded.
The Orb Guardian closely misses you.
The crimson imp blinks!
You slice the Orb Guardian like a ripe choko!!!
You freeze the Orb Guardian!
You kill the Orb Guardian!
You block the crimson imp's attack.
You carve the crimson imp like a ham!!!!
You freeze the crimson imp.
You kill the crimson imp!
There is a stone staircase leading up here.
You fly upwards.
There is a stone staircase leading down here.
There is an open door here.
There is an open door here.
There is an open door here.
A balrug and 3 sun demons come into view.
The balrug is wielding a +0 demon whip of venom.
There are monsters nearby!
You slice the sun demon like a ripe choko!!!
You freeze the sun demon!!
You kill the sun demon!
The balrug gestures at you. The bolt of fire misses you.
You slice the sun demon!! You freeze the sun demon!
The sun demon is severely wounded.
You block the sun demon's attack.
You closely miss the sun demon.
The sun demon is severely wounded.
The balrug gestures at you.
The fireball explodes!
The fireball engulfs the sun demon.
The sun demon completely resists.
The fireball engulfs the sun demon.
The sun demon completely resists.
The fireball engulfs the balrug.
The balrug completely resists.
The fireball engulfs you but does no damage.
You resist. The sun demon completely misses you.
You slice the sun demon!! You freeze the sun demon.
You kill the sun demon!
You completely miss the balrug. You closely miss the balrug.
The balrug completely misses you.
You slash the balrug! You freeze the balrug!
The balrug is moderately wounded.
The balrug gestures at you. Something smites you!
You take 7 damage, and have 257/264 hp.
You hit the balrug. You freeze the balrug.
The balrug is heavily wounded.
You block the balrug's attack.
You barely miss the balrug.
The balrug is heavily wounded.
You block the balrug's attack.
You slash the balrug! You freeze the balrug!
The balrug is severely wounded.
You block the balrug's attack.
You slice the balrug!! You freeze the balrug.
The balrug is almost dead.
The balrug gestures at you.
The fireball explodes!
The fireball engulfs you. You resist.
The fireball engulfs the balrug.
The balrug completely resists.
You barely miss the balrug.
The balrug is almost dead.
You block the balrug's attack.
You take 3 damage, and have 255/264 hp.
You barely miss the balrug.
The balrug is almost dead.
You block the balrug's attack.
You carve the balrug like a ham!!! You freeze the balrug.
You kill the balrug!
A green death comes into view.
You slice the sun demon!! You freeze the sun demon.
The sun demon is heavily wounded.
The sun demon completely misses you.
You barely miss the sun demon.
The sun demon is heavily wounded.
You block the sun demon's attack.
You barely miss the sun demon.
The sun demon is heavily wounded.
The sun demon completely misses you.
You barely miss the sun demon.
The sun demon is heavily wounded.
The sun demon completely misses you.
You slice the sun demon!! You freeze the sun demon!
You kill the sun demon!
The green death completely misses you.
You see here a +0 demon whip of venom.
You slice the green death!! You freeze the green death!
The green death is heavily wounded.
The green death gestures at you. The blast of poison misses you.
You open the green death like a pillowcase!!!
You freeze the green death.
You kill the green death!
No target in view!
No target in view!
There is an open door here.
HP restored.
An orange demon comes into view.
Health restored: 264 You slash the orange demon!
You freeze the orange demon.
The orange demon is moderately wounded.
You slice the orange demon like a ripe choko!!!
You freeze the orange demon.
You kill the orange demon!
There is a stone staircase leading up here.
You fly upwards.
There is a stone staircase leading down here.
There is a stone staircase leading up here.
You fly upwards.
There is a stone staircase leading down here.
There is a stone staircase leading up, spattered with blood here.
You fly upwards.
There is a stone staircase leading down here.
You see here a +0 shortbow.
There is a stone staircase leading up, spattered with blood here.
You fly upwards.
There is a stone staircase leading down here.
There is an open door here.
There is a stone staircase leading up here.
You fly upwards.
There is a stone staircase leading down here.
A green death comes into view.
A green death is nearby!
The green death gestures at you. The blast of poison misses you.
You closely miss the green death. You slice the green death!!
You freeze the green death.
The green death is moderately wounded.
The green death gestures at you. The bolt of poison misses you.
You chop the green death into pieces!!! You freeze the green death!!
You kill the green death!
No target in view! 3 sun demons come into view.
A balrug and a sun demon come into view.
The balrug shouts!
The sun demon shouts! x4
You block the sun demon's attack.
You closely miss the sun demon. You block the sun demon's attack.
You barely miss the sun demon. You block the sun demon's attack.
The balrug gestures at you. Something smites you!
You take 10 damage, and have 254/264 hp.
You closely miss the sun demon. You block the sun demon's attack. x2
The sun demon completely misses you.
You chop the sun demon into pieces!!! You freeze the sun demon!!
You kill the sun demon!
You block the sun demon's attack. x2
You slash the sun demon! You freeze the sun demon.
The sun demon is moderately wounded.
The sun demon completely misses you. x2
You slice the sun demon like a ripe choko!!!
You freeze the sun demon!!
You kill the sun demon!
You block the sun demon's attack.
You open the sun demon like a pillowcase!!!!
You freeze the sun demon!!
You kill the sun demon!
The sun demon completely misses you.
You slice the balrug!! You freeze the balrug.
The balrug is moderately wounded.
You block the sun demon's attack. The balrug completely misses you.
You slash the balrug! You freeze the balrug.
The balrug is heavily wounded.
The sun demon completely misses you. You block the balrug's attack.
An Ice Fiend comes into view.
You slice the balrug like a ripe choko!!!
You freeze the balrug!!
You kill the balrug!
You block the sun demon's attack.
You slash the sun demon! You freeze the sun demon!
The sun demon is heavily wounded.
You block the sun demon's attack.
You slice the sun demon!! You freeze the sun demon!
The sun demon is almost dead.
You block the sun demon's attack.
You chop the sun demon into pieces!!! You freeze the sun demon.
You kill the sun demon!
You slash the Ice Fiend!
The Ice Fiend is lightly wounded.
You block the Ice Fiend's attack.
The Ice Fiend claws you but does no damage.
You hit the Ice Fiend but do no damage.
The Ice Fiend is lightly wounded.
You block the Ice Fiend's attack. The Ice Fiend misses you.
You open the Ice Fiend like a pillowcase!!!
The Ice Fiend is heavily wounded.
You slice the Ice Fiend!!
The Ice Fiend is almost dead.
The Ice Fiend calls on the powers of darkness!
Your body is wracked with pain!
You take 116 damage, and have 145/264 hp.
MASSIVE DAMAGE!!
You barely miss the Ice Fiend.
The Ice Fiend is almost dead.
You block the Ice Fiend's attack. The Ice Fiend completely misses you.
You chop the Ice Fiend into pieces!!!
You kill the Ice Fiend!
An Orb Guardian comes into view.
You regained 8 hp, and now have 155/264 hp.
An Orb Guardian is nearby!
You slash the Orb Guardian! You freeze the Orb Guardian.
The Orb Guardian is moderately wounded.
You block the Orb Guardian's attack.
You miss the Orb Guardian.
The Orb Guardian is moderately wounded.
You block the Orb Guardian's attack.
You miss the Orb Guardian.
The Orb Guardian is moderately wounded.
The Orb Guardian completely misses you.
You slice the Orb Guardian!! You freeze the Orb Guardian.
The Orb Guardian is heavily wounded.
You block the Orb Guardian's attack.
You slice the Orb Guardian!! You freeze the Orb Guardian!
You kill the Orb Guardian!
No target in view!
An Orb Guardian comes into view.
You regained 9 hp, and now have 167/264 hp.
An Orb Guardian is nearby!
You block the Orb Guardian's attack.
You slice the Orb Guardian like a ripe choko!!!
You freeze the Orb Guardian!
The Orb Guardian is severely wounded.
You block the Orb Guardian's attack.
You carve the Orb Guardian like a ham!!!
You freeze the Orb Guardian!
You kill the Orb Guardian!
No target in view!
You can't go up here!
There is a stone staircase leading up, spattered with blood here.
You fly upwards.
There is a stone staircase leading down, spattered with blood here.
You regained 3 hp, and now have 173/264 hp.
An Orb Guardian comes into view.
You regained 13 hp, and now have 186/264 hp.
An Orb Guardian is nearby!
You hit the Orb Guardian. You freeze the Orb Guardian.
The Orb Guardian is lightly wounded.
You block the Orb Guardian's attack.
You slice the Orb Guardian!! You freeze the Orb Guardian!
The Orb Guardian is heavily wounded.
You block the Orb Guardian's attack. The Orb Guardian completely misses you.
You chop the Orb Guardian into pieces!!!
You freeze the Orb Guardian!
You kill the Orb Guardian!
An orange demon comes into view.
You block the orange demon's attack. The orange demon completely misses you.
You closely miss the orange demon.
You slice the orange demon like a ripe choko!!!
You freeze the orange demon!!
You kill the orange demon!
No target in view!
There is an open door here.
An ice devil comes into view.
You regained 8 hp, and now have 201/264 hp.
An ice devil is nearby!
You slash the ice devil!
The ice devil is moderately wounded.
You slice the ice devil!!
You kill the ice devil!
No target in view!
There is a stone staircase leading up here.
You fly upwards.
There is a stone staircase leading down here.
You regained 11 hp, and now have 215/264 hp.
There is a stone staircase leading up here.
You fly upwards.
There is a stone staircase leading down here.
You regained 13 hp, and now have 228/264 hp.
A golden eye comes into view.
You regained 16 hp, and now have 244/264 hp.
Throw: 53 boomerangs
Press: ? - help, Q - select action, (/) - cycle Shift-Dir - straight line, f - golden eye
Aim: a golden eye (wandering, hasn't noticed you, 69% to hit)
You throw a boomerang.
The boomerang barely misses the golden eye.
Throw: 53 boomerangs
Press: ? - help, Q - select action, (/) - cycle Shift-Dir - straight line, f/p - golden eye
Aim: a golden eye (69% to hit)
You throw a boomerang. The boomerang hits the golden eye!!!
You kill the golden eye!
Throw: 53 boomerangs
Press: ? - help, Q - select action, (/) - cycle Shift-Dir - straight line, f - you Really target yourself? [Y]es or [N]o only, please.
Really target yourself?
Okay, then.
There is a stone staircase leading up here.
You fly upwards.
There is a stone staircase leading down here.
You regained 14 hp, and now have 259/264 hp.
HP restored.
There is a bloodstained altar of Trog here.
A red devil comes into view. It is wielding a +0 trident.
The red devil moves out of view.
Health restored: 264 A red devil is nearby!
There is a stone staircase leading up here.
You fly upwards.
There is a stone staircase leading down here.
Unknown command.
Unknown command.
You see here a +0 leather armour.
There is a stone staircase leading up here.
You fly upwards.
There is a stone staircase leading down here.
There is an open door here.
An orange demon comes into view.
There is a staircase leading out of the dungeon here.
You have escaped!

#.......................
#.....###...............
#.....# #..4............
#.....###...............
#.......................
#.......................
####..#...................
#...........#...##'###....
#.......#@..#...##.# #####
#≈......##..#...##.#
#≈§≈.§......#...##.#
#≈≈§≈≈≈....#....##.#
#§≈≈≈≈≈§§.§§.#####.#
#§§≈≈≈≈≈≈§§§.# #.#
#≈≈≈≈§≈≈≈§§§.# #.#
#≈≈§§≈≈§≈≈≈..# #.#
#≈≈≈≈≈≈≈≈≈.≈.# #.#


You could see an orange demon.

Vanquished Creatures
  the Royal Jelly (Slime:5)
  Dissolution (Slime:2)
  4 pandemonium lords
  2 dread liches
  Tiamat (Zot:4)
  3 ancient liches (Zot:5)
  4 orbs of fire
  Mennas (Crypt:1)
  Frederick (Vaults:3)
  Margery (Depths:3)
  Vv (Depths:3)
  Vashnia (Snake:4)
  5 Killer Klowns
  Saint Roka (Elf:2)
  The ghost of Bunoc the Executioner, a veteran FoFi of Dithmenos (Crypt:1)
  Geryon (Hell)
  18 golden dragons
  Nikola (Depths:1)
  A profane servitor (Crypt:3)
  Norris (Elf:2)
  4 bone dragons
  4 electric golems
  A Tzitzimitl (Pan)
  A shard shrike zombie (Crypt:3)
  3 doom hounds (Crypt:3)
  A Brimstone Fiend (Pan)
  2 hellephants
  The ghost of Gawed the Warrior, an adept KoFi of Uskayaw (Vaults:2)
  19 tentacled monstrosities
  An Ice Fiend (D:7)
  Jorgrun (Orc:2)
  5 Hell Sentinels
  A walking earthen tome (Depths:4)
  A shard shrike skeleton (Crypt:1)
  3 liches
  Rupert (D:15)
  A walking frostbound tome (Depths:4)
  Grunn (Crypt:3)
  32 Orb Guardians
  A walking divine tome (Depths:3)
  17 acid blobs
  8 titans
  Murray (Depths:3)
  2 deep elf blademasters (Elf:3)
  4 Executioners (Pan)
  6 quicksilver dragons
  9 sphinxes
  3 krakens
  5 tentacled starspawn
  4 ancient champions
  Kirke (Snake:1)
  3 tengu reavers
  11 death cobs
  Gastronok (Lair:2)
  Frances (D:12)
  Aizul (Snake:4)
  14 shadow dragons
  The ghost of kickassninja the Earth Mage, an adept DEEE of Vehumet (Snake:3)
  Ilsuiw (Shoals:3)
  Donald (Elf:2)
  10 rockslimes
  3 draconian knights
  21 storm dragons
  9 azure jellies
  7 demonspawn warmongers (Pan)
  7 fire giants
  A revenant (Crypt:2)
  10 frost giants
  9 draconian monks
  2 nagarajas (Snake:4)
  3 caustic shrike zombies
  3 deep elf sorcerers (Elf:3)
  7 draconian scorchers
  2 iron dragons
  Louise (Snake:4)
  2 ghost moths
  14 vault wardens
  4 deep elf elementalists (Elf:3)
  2 orc warlords (Depths:2)
  11 reapers
  6 ghouls
  2 juggernaut zombies
  An angel (Pan)
  7 balrugs
  3 curse skulls
  6 draconian shifters
  3 demonspawn blood saints (Pan)
  13 quicksilver oozes
  3 cacodemons (Pan)
  A caustic shrike skeleton (Abyss:3)
  15 very ugly things
  3 draconian annihilators
  3 draconian stormcallers
  A spriggan defender (Depths:2)
  4 war gargoyles (Vaults:5)
  5 formless jellyfish
  26 ironbound preservers
  9 ironbound thunderhulks
  6 deep elf demonologists
  2 demonspawn corrupters (Pan)
  18 stone giants
  2 demonspawn black suns (Pan)
  10 black draconians
  5 vampire knights
  A bunyip (shapeshifter) (Vaults:5)
  10 green draconians
  5 lorocyprocas
  11 purple draconians
  8 dire elephants (Vaults:1)
  12 white draconians
  4 minotaurs
  8 eidola
  12 red draconians
  4 deep elf annihilators (Elf:3)
  10 yellow draconians
  19 ettins
  5 deep elf death magi
  4 iron golems (Depths:3)
  Snorg (D:12)
  6 blizzard demons
  4 fire dragons
  2 green deaths
  2 mummy priests
  4 jiangshi
  A merfolk javelineer (Depths:2)
  9 great orbs of eyes
  4 crystal guardians
  Josephine (D:14)
  12 yaktaur captains
  An entropy weaver (Vaults:2)
  8 merfolk impalers
  3 quicksilver dragon skeletons
  12 deep elf high priests
  7 ice dragons
  8 spriggan zombies
  2 rakshasas
  A hell beast (Pan)
  8 hydras
  33 vault guards
  5 ogre magi (Vaults:5)
  3 peacekeepers
  A spriggan air mage (Depths:3)
  7 boulder beetles
  A merfolk aquamancer (Shoals:1)
  6 salamander tyrants
  4 ironbound frosthearts
  4 merfolk avatars
  13 centaur warriors
  4 spriggan skeletons
  An alligator snapping turtle (Shoals:2)
  A sphinx zombie (Vaults:4)
  8 anacondas
  A satyr (shapeshifter) (Vaults:5)
  4 deep troll shamans
  6 death knights
  9 two-headed ogres
  An orc high priest (Orc:2)
  9 vampire magi
  A sphinx skeleton (Vaults:2)
  17 naga warriors
  A fenstrider witch skeleton (Crypt:1)
  13 satyrs (Shoals:4)
  6 demonic crawlers
  6 hell hogs
  2 titan zombies
  7 thrashing horrors
  25 dancing weapons
  4 spriggan berserkers
  10 tengu warriors
  18 sun demons
  25 hell knights
  8 deep troll earth magi
  12 deep elf knights
  20 naga sharpshooters
  10 shock serpents
  A storm dragon zombie (Crypt:3)
  6 iron trolls
  6 wretched stars (Abyss:3)
  13 soul eaters
  Nergalle (D:12)
  A crystal echidna (Depths:3)
  6 skysharks
  A salamander mystic (Snake:4)
  A skyshark (shapeshifter) (Vaults:5)
  2 spark wasp zombies (Hell)
  A spatial maelstrom (Abyss:3)
  9 sixfirhies
  A storm dragon skeleton (Crypt:1)
  A titan skeleton (Crypt:1)
  The ghost of Ozzieoiler the Skirmisher, a novice DsHu of Fedhas (D:8)
  11 sea snakes
  A golden dragon zombie (Hell)
  68 deep trolls
  16 large abominations
  Lodul (D:10)
  An anaconda zombie (Hell)
  29 skeletal warriors
  8 naga ritualists
  4 glowing orange brains
  A bunyip zombie (Crypt:1)
  29 phantasmal warriors
  3 bog bodies (Crypt:2)
  3 anaconda skeletons
  10 deep elf archers
  3 flayed ghosts
  11 lindwurms
  A glowing orange brain (shapeshifter) (Elf:2)
  21 ironbound convokers
  An orb spider (shapeshifter) (Vaults:4)
  2 orange crystal statues
  2 shadow demons (Pan)
  A swamp dragon (Lair:5)
  28 deep elf zephyrmancers
  3 orc knights
  9 wizards
  A mana viper (shapeshifter) (Elf:3)
  15 necromancers
  38 ugly things
  27 harpies
  2 wolf spider zombies
  2 oklob plants (Lair:4)
  20 deep elf pyromancers
  An iron dragon zombie (Hell)
  A faun (shapeshifter) (Elf:2)
  9 mana vipers
  16 salamanders
  A stone giant zombie (Crypt:3)
  7 orc sorcerers
  A wolf spider (Crypt:3)
  A frost giant zombie (Hell)
  A manticore (shapeshifter) (Vaults:5)
  A will-o-the-wisp (Abyss:1)
  6 shining eyes
  A draconian zombie (Hell)
  9 fauns
  5 worldbinders
  17 manticores
  8 cyclopes
  10 merfolk sirens
  2 tengu skeletons
  A fire giant skeleton (Depths:1)
  2 stone giant skeletons (Vaults:2)
  A draconian skeleton (Crypt:1)
  23 moths of wrath
  2 ice statues
  A frost giant skeleton (Vaults:2)
  2 guardian serpents (Snake:4)
  37 smoke demons
  An eye of devastation (shapeshifter) (Vaults:5)
  An apocalypse crab (Abyss:3)
  18 vault sentinels
  A water nymph (shapeshifter) (Vaults:5)
  3 rust devils
  2 eyes of devastation
  10 naga magi
  Maurice (Orc:2)
  29 black mambas
  3 molten gargoyles
  A black mamba (shapeshifter) (Elf:1)
  12 orange demons
  5 gargoyles
  3 naga zombies
  A dire elephant skeleton (Crypt:1)
  A hellion (Pan)
  13 water nymphs
  12 cane toads
  4 tormentors (Pan)
  12 ice devils
  2 sea snake zombies (Hell)
  9 komodo dragons
  An unseen horror (D:10)
  A guardian mummy (Crypt:1)
  5 tengu conjurers
  8 rime drakes
  7 efreet
  21 yaktaurs
  2 anaconda simulacra
  3 yaktaur skeletons (Vaults:2)
  2 unseen horror zombies (D:9)
  A purple draconian zombie (Crypt:2)
  A sea snake skeleton (Hell)
  4 ancient zymes
  29 merfolk
  10 trolls
  10 freezing wraiths
  2 red devils (Pan)
  A troll (shapeshifter) (D:15)
  5 harpy zombies
  7 polar bears
  11 hellwings
  A death drake zombie (Crypt:1)
  4 hornets
  A meliai (D:9)
  5 blink frogs (Lair:5)
  A tyrant leech (D:9)
  6 wind drakes
  A merfolk zombie (Crypt:3)
  A hydra skeleton (Hell)
  13 snapping turtles
  An ettin zombie (Hell)
  5 dream sheep (Lair:5)
  96 slime creatures
  8 raiju (Abyss:3)
  A stone giant simulacrum (Depths:1)
  A radroach zombie (Crypt:1)
  15 flying skulls
  2 culicivoras (Vaults:2)
  An air elemental (Elf:1)
  2 ushabtiu (Crypt:3)
  2 jumping spiders (Crypt:3)
  A culicivora (shapeshifter) (D:15)
  A black mamba zombie (Crypt:1)
  2 spriggans (Depths:2)
  A vampire (Depths:2)
  24 water elementals
  2 shadows
  24 ynoxinuls
  3 fire elementals
  21 yaks
  17 wraiths
  5 wyverns
  A black mamba skeleton (Hell)
  5 basilisks
  3 fire bats (Lair:4)
  A yak (shapeshifter) (Elf:3)
  32 starcursed masses
  5 hogs (Snake:1)
  20 golden eyes
  A human (D:14)
  9 neqoxecs
  Eustachio (D:6)
  5 redbacks
  19 chaos spawn
  2 steam dragons
  9 small abominations
  An elf skeleton (Vaults:2)
  2 alligator snapping turtle simulacra
  5 vampire mosquitoes
  A warg (Depths:2)
  3 acid dragons
  2 swamp worms
  A spatial vortex (Abyss:3)
  39 nagas
  A hydra simulacrum (Hell)
  A two-headed ogre skeleton (Crypt:1)
  22 water moccasins
  6 hell hounds
  3 swamp drakes (Lair:5)
  3 glowing shapeshifter skeletons
  30 orc warriors
  An ice beast (D:7)
  2 black bears
  3 boggarts (Depths:2)
  40 wolves
  2 swamp dragon skeletons
  14 ogres
  6 human skeletons
  7 centaurs
  A komodo dragon zombie (Crypt:2)
  4 kobold brigands
  2 phantoms (Crypt:3)
  12 bullfrogs
  2 gnoll sergeants (D:10)
  A salamander skeleton (Crypt:2)
  3 two-headed ogre simulacra (D:12)
  A deep troll simulacrum (Crypt:1)
  18 necrophages
  An earth elemental (Elf:1)
  2 scorpions (D:6)
  A troll zombie (Crypt:1)
  8 wyvern skeletons (Crypt:3)
  12 wights
  6 killer bees
  2 yak zombies (Crypt:1)
  5 howler monkeys
  10 electric eels
  A crimson imp (D:13)
  5 centaur zombies
  3 hounds (D:5)
  6 human zombies
  4 jellies
  15 orc priests
  2 gnoll boudas (D:6)
  5 iron imps
  Jessica (D:3)
  4 iguanas
  30 orc wizards
  7 hell rats (Lair:5)
  3 troll simulacra (D:12)
  A spriggan simulacrum (D:12)
  2 spectral hounds (Depths:2)
  5 mummies
  6 adders
  12 gnolls
  2 naga simulacra
  4 river rats (Sewer)
  5 white imps
  2 ufetubi
  A worm (D:2)
  A worm (shapeshifter) (Vaults:5)
  69 orcs
  10 ball pythons
  5 bats
  6 endoplasms
  4 giant cockroaches
  7 goblins
  8 hobgoblins
  3 jackals (D:1)
  8 quokkas
  9 frilled lizards
  A gnoll skeleton (Crypt:2)
  26 kobolds
  A kobold skeleton (Crypt:2)
  A kobold zombie (Crypt:1)
  8 rats
  A lurking horror (Abyss:3)
  5 starspawn tentacles
  8 tentacles
2863 creatures vanquished.

Vanquished Creatures (collateral kills)
  2 ghouls (Crypt:3)
  An eidolon (Crypt:3)
  A rakshasa (Depths:1)
  An iron troll (Depths:1)
  A skeletal warrior (Crypt:3)
  2 phantasmal warriors (Crypt:3)
  A wolf spider (Crypt:3)
  A jumping spider (Crypt:3)
  A wraith (Crypt:3)
  A centaur (D:9)
  A centaur simulacrum (D:9)
13 creatures vanquished.

Vanquished Creatures (others)
  Asterion (Elf:3)
  A doom hound zombie (Crypt:3)
  A deep elf knight (Elf:1)
  A deep elf archer (Elf:2)
  A deep elf zephyrmancer (Elf:1)
  A deep elf pyromancer (Elf:1)
  A frost giant zombie (Hell)
  A black mamba (Snake:2)
  A centaur zombie (D:9)
  A hellwing (Pan)
  A hornet (Depths:2)
  A spriggan (Depths:2)
  A fire bat (Abyss:2)
  6 human zombies
  2 killer bees (D:6)
  2 orc wizards (Orc:2)
  2 kobolds (D:8)
  A lurking horror (Abyss:2)
  9 starspawn tentacles
  14 tentacles
49 creatures vanquished.

Grand Total: 2925 creatures vanquished

Notes
Turn   | Place    | Note
-------+----------+-------------------------------------------
     0 | D:1      | steven32 the Demigod Brigand began the quest for the Orb.
     0 | D:1      | Reached XP level 1. HP: 17/17 MP: 3/3
   264 | D:1      | Reached XP level 2. HP: 22/25 MP: 4/4
  1214 | D:2      | Reached XP level 3. HP: 24/31 MP: 5/5
  1792 | D:3      | Noticed an air elemental
  2018 | D:3      | Noticed Jessica
  2022 | D:3      | Killed Jessica
  2023 | D:3      | Reached XP level 4. HP: 37/40 MP: 6/6
  2291 | D:3      | Noticed a water elemental
  2291 | D:3      | Noticed a fire elemental
  2291 | D:3      | Noticed an earth elemental
  2564 | D:4      | Found Fuuda's Magic Scroll Boutique.
  2573 | D:4      | Bought a scroll of identify for 26 gold pieces
  2573 | D:4      | Bought a scroll of blinking for 97 gold pieces
  2575 | D:4      | Identified a scroll of acquirement
  2578 | D:4      | Acquired the ring of Owkucoth {rElec rPois rC- Int+4 SInv}
  3550 | D:4      | Noticed a black bear
  3563 | D:4      | Killed a black bear
  3564 | D:4      | Reached XP level 5. HP: 36/47 MP: 5/7
  3759 | D:5      | Entered Level 5 of the Dungeon
  3990 | D:5      | Found a glowing drain.
  4008 | Sewer    | Entered a sewer
  4123 | Sewer    | Reached XP level 6. HP: 33/55 MP: 4/8
  4306 | Sewer    | Reached skill level 5 in Fighting
  4668 | D:5      | Found Nucw's Magic Scroll Shop.
  4677 | D:5      | Bought a scroll of teleportation for 39 gold pieces
  5286 | D:6      | Noticed Eustachio
  5361 | D:6      | Killed Eustachio
  5362 | D:6      | Reached XP level 7. HP: 48/62 MP: 6/9
  5469 | D:6      | Reached skill level 5 in Short Blades
  5699 | D:6      | Found a staircase to the Ecumenical Temple.
  5800 | Temple   | Entered the Ecumenical Temple
  6081 | D:5      | Bought a scroll of identify for 26 gold pieces
  6081 | D:5      | Bought a scroll of identify for 26 gold pieces
  6081 | D:5      | Bought a scroll of identify for 26 gold pieces
  6081 | D:5      | Bought a scroll of identify for 26 gold pieces
  6081 | D:5      | Bought a scroll of identify for 26 gold pieces
  6462 | D:6      | Reached XP level 8. HP: 64/70 MP: 8/10
  7744 | D:7      | Found a large runed translucent door.
  7800 | D:7      | Found a large runed translucent door.
  7815 | D:7      | Reached skill level 1 in Long Blades
  8650 | D:7      | Reached XP level 9. HP: 59/75 MP: 8/11
  8728 | D:7      | Reached skill level 1 in Dodging
  9008 | D:7      | Reached skill level 2 in Dodging
  9362 | D:8      | Reached skill level 3 in Dodging
  9837 | D:8      | Reached skill level 4 in Dodging
 10255 | D:8      | Reached skill level 5 in Dodging
 10491 | D:8      | Found a runed translucent gate.
 10491 | D:8      | Found a runed translucent gate.
 10491 | D:8      | Found a runed translucent gate.
 10491 | D:8      | Noticed a ten-headed hydra
 10492 | D:8      | Noticed Ozzieoiler's ghost (novice DsHu)
 10492 | D:8      | Noticed a nine-headed hydra
 10734 | D:4      | Bought a scroll of summoning for 123 gold pieces
 10734 | D:4      | Bought a scroll of teleportation for 39 gold pieces
 10734 | D:4      | Bought a scroll of teleportation for 39 gold pieces
 10734 | D:4      | Bought a scroll of teleportation for 39 gold pieces
 11084 | D:9      | Noticed a two-headed ogre
 11348 | D:9      | Reached skill level 6 in Dodging
 11613 | D:9      | Reached XP level 10. HP: 88/88 MP: 13/13
 11619 | D:9      | Noticed a cyclops
 11619 | D:9      | Noticed a centaur warrior
 11619 | D:9      | Noticed a centaur warrior
 11619 | D:9      | Noticed a red ugly thing
 12571 | D:9      | Reached skill level 5 in Long Blades
 12766 | D:9      | Killed a two-headed ogre
 12919 | D:10     | Entered Level 10 of the Dungeon
 12943 | D:10     | Identified the +2 ring mail of Agajy {Str+2}
 13063 | D:10     | Noticed a green ugly thing
 13233 | D:10     | Noticed a two-headed ogre
 13477 | D:10     | Killed a two-headed ogre
 13552 | D:10     | Noticed Lodul
 14664 | D:4      | Bought a scroll of enchant armour for 97 gold pieces
 14664 | D:4      | Bought a scroll of enchant weapon for 97 gold pieces
 14818 | D:10     | Reached XP level 11. HP: 28/97 MP: 4/14
 15597 | D:10     | Noticed a tengu warrior
 16057 | D:10     | Reached skill level 10 in Long Blades
 16196 | D:10     | Noticed a death knight
 16258 | D:10     | Found a staircase to the Lair.
 16415 | D:10     | Found a portal to a secret trove of treasure.
 17097 | D:10     | Noticed an eight-headed hydra
 17965 | D:10     | Killed a two-headed hydra
 18385 | D:11     | Found a staircase to the Orcish Mines.
 19106 | Lair:1   | Entered Level 1 of the Lair of Beasts
 19346 | Lair:1   | You fall into a shaft and drop 1 floor!
 19380 | Lair:2   | Reached skill level 1 in Armour
 20198 | Lair:2   | Found a staircase to the Snake Pit.
 20228 | Lair:2   | Reached XP level 12. HP: 76/104 MP: 12/15
 20319 | Lair:1   | Reached skill level 5 in Armour
 21622 | Lair:1   | Noticed a boulder beetle
 21791 | Lair:1   | Killed a boulder beetle
 22303 | Lair:2   | Noticed Gastronok
 22573 | Lair:2   | Killed Gastronok
 22871 | Lair:3   | Reached skill level 10 in Fighting
 23016 | Lair:3   | Noticed a boulder beetle
 23026 | Lair:3   | Killed a boulder beetle
 23705 | Lair:3   | Found a staircase to the Shoals.
 24269 | Lair:4   | Noticed a five-headed hydra
 24283 | Lair:4   | Killed a one-headed hydra
 24340 | Lair:4   | Found a dark tunnel.
 24366 | Volcano  | Entered a volcano
 24518 | Lair:4   | Reached XP level 13. HP: 117/117 MP: 16/16
 24970 | Lair:5   | Entered Level 5 of the Lair of Beasts
 25097 | Lair:5   | Reached skill level 7 in Dodging
 25440 | Lair:5   | Reached skill level 8 in Dodging
 25711 | Lair:5   | Found a staircase to the Slime Pits.
 25916 | Lair:5   | Reached skill level 9 in Dodging
 26029 | Lair:5   | Reached skill level 1 in Shields
 26692 | D:10     | Killed Lodul
 27163 | D:10     | Reached skill level 5 in Shields
 27253 | Orc:1    | Entered Level 1 of the Orcish Mines
 27809 | Orc:2    | Entered Level 2 of the Orcish Mines
 27820 | Orc:2    | Noticed Jorgrun
 27881 | Orc:2    | Killed Jorgrun
 27881 | Orc:2    | Noticed Maurice
 27887 | Orc:2    | Killed Maurice
 28292 | Orc:2    | Found Ofipemy's Book Emporium.
 28820 | Orc:2    | Found Emyebororph's Antique Weapon Boutique.
 28820 | Orc:2    | Found Tuczio's Jewellery Boutique.
 28824 | Orc:2    | Found Pelunur's Antique Armour Shop.
 28824 | Orc:2    | Found Ginaul's Weapon Shop.
 29045 | Orc:2    | Found a staircase to the Elven Halls.
 29084 | Orc:2    | Reached skill level 5 in Throwing
 29530 | D:8      | Killed Ozzieoiler's ghost
 29531 | D:8      | Reached XP level 14. HP: 75/126 MP: 8/17
 29912 | Orc:2    | Bought a transparent scale mail for 216 gold pieces
 29912 | Orc:2    | Identified the +6 scale mail "Qabangil" {Contam rF++ Dex+3}
                  | (You bought it in a shop on level 2 of the Orcish Mines)
 30119 | D:12     | Noticed Frances
 30173 | D:12     | Killed Frances
 30404 | D:12     | Noticed Nergalle
 30425 | D:12     | Killed Nergalle
 31029 | D:12     | Noticed Snorg
 31049 | D:12     | Killed Snorg
 31127 | D:12     | Found a gateway to a bazaar.
 31133 | D:12     | Reached skill level 1 in Evocations
 31370 | Bazaar   | Entered a bazaar
 31387 | Bazaar   | Found Etsai's Armour Boutique.
 31397 | Bazaar   | Found Ytteph's Magic Scroll Shoppe.
 31402 | Bazaar   | Found Nofad's Antique Weapon Boutique.
 31409 | Bazaar   | Found Utuh's Jewellery Boutique.
 31429 | Bazaar   | Bought a scroll of enchant armour for 82 gold pieces
 31429 | Bazaar   | Bought a scroll of enchant weapon for 82 gold pieces
 31429 | Bazaar   | Bought a scroll of enchant armour for 82 gold pieces
 31429 | Bazaar   | Bought a scroll of identify for 22 gold pieces
 31429 | Bazaar   | Bought a scroll of identify for 22 gold pieces
 31429 | Bazaar   | Bought a scroll of identify for 22 gold pieces
 31429 | Bazaar   | Bought a scroll of revelation for 82 gold pieces
 31753 | D:13     | Gained mutation: You are weak. (Str -2) [a neqoxec]
 32410 | D:13     | Reached skill level 5 in Evocations
 33882 | D:14     | You fall into a shaft and drop 1 floor!
 33882 | D:15     | Entered Level 15 of the Dungeon
 34210 | D:15     | Identified the +1 pair of gloves of Midwinter {Fly rElec
                  | Int+2}
 34212 | D:15     | Noticed Rupert
 34324 | D:14     | Noticed Josephine
 34341 | D:14     | Killed Josephine
 34508 | D:14     | Found Kiawe's Distillery.
 34594 | D:14     | Bought a potion of experience for 650 gold pieces
 34594 | D:14     | Reached XP level 15. HP: 132/132 MP: 18/18
 34595 | D:14     | Bought a potion of resistance for 130 gold pieces
 34595 | D:14     | Bought a potion of cancellation for 104 gold pieces
 34595 | D:14     | Bought a potion of cancellation for 104 gold pieces
 34595 | D:14     | Bought a potion of resistance for 130 gold pieces
 34595 | D:14     | Bought a potion of curing for 39 gold pieces
 34595 | D:14     | Bought a potion of attraction for 39 gold pieces
 35299 | D:14     | Found a gate to the Vaults.
 35613 | Snake:1  | Entered Level 1 of the Snake Pit
 35624 | Snake:1  | Reached XP level 16. HP: 140/140 MP: 16/19
 35677 | Snake:1  | Found Fyguen's Antique Weapon Emporium.
 35713 | Snake:1  | Found Iroro's Book Shop.
 35878 | Snake:1  | Found Viniuph's CLEARANCE SALE!.
 36075 | Snake:1  | Found Vugal's Antique Weapon Shop.
 36103 | Snake:1  | Found a flickering gateway to a bazaar.
 36136 | Bazaar   | Entered a bazaar
 36137 | Bazaar   | Found Deggan's Jewellery Emporium.
 36137 | Bazaar   | Found Vesoq's Armour Emporium.
 36138 | Bazaar   | Found Tesemud's Armour Shop.
 36169 | Bazaar   | Found Vutud's Armour Boutique.
 36224 | Bazaar   | Bought the +0 helmet of Zaluizauc {+Inv rPois Str+5 Stlth-}
                  | for 254 gold pieces
 36224 | Bazaar   | Bought a +1 cloak of preservation for 132 gold pieces
 36625 | Snake:1  | Found Hemamuik's Jewellery Boutique.
 36625 | Snake:1  | Noticed Kirke
 36849 | Snake:1  | Killed Kirke
 37571 | D:9      | Reached skill level 10 in Shields
 40369 | Snake:3  | Found Seigeqau's Book Boutique.
 40415 | Snake:3  | Found Erege's Jewellery Shop.
 40418 | Snake:3  | Found Susas's Weapon Boutique.
 41127 | Snake:3  | Reached skill level 15 in Fighting
 41206 | Snake:3  | Found a runed translucent gate.
 41207 | Snake:3  | Found a runed translucent gate.
 41208 | Snake:3  | Found a runed translucent gate.
 41208 | Snake:3  | Noticed kickassninja's ghost (adept DEEE)
 42032 | Snake:4  | Entered Level 4 of the Snake Pit
 42174 | Snake:4  | Reached skill level 10 in Dodging
 42811 | Snake:4  | Noticed Aizul
 43107 | Snake:4  | Reached skill level 11 in Dodging
 43328 | Snake:4  | Noticed Louise
 43347 | Snake:4  | Killed Louise
 43474 | Snake:4  | Reached XP level 17. HP: 155/156 MP: 20/20
 43641 | Snake:4  | Noticed a quicksilver dragon
 43644 | Snake:4  | Noticed Vashnia
 43725 | Snake:4  | Killed Aizul
 44039 | Snake:4  | Killed Vashnia
 44040 | Snake:4  | Reached skill level 12 in Dodging
 44417 | Snake:4  | Killed a quicksilver dragon
 44817 | Snake:4  | Got a serpentine rune of Zot
 45072 | D:5      | Bought 2 scrolls of teleportation for 78 gold pieces
 45263 | Snake:1  | Bought a scroll of teleportation for 15 gold pieces
 45376 | Shoals:1 | Entered Level 1 of the Shoals
 46157 | Shoals:1 | Identified the +4 chain mail of Sisul {Str+3 Dex+2 Stlth-}
 46197 | Shoals:1 | Reached skill level 10 in Armour
 46761 | Shoals:2 | Identified the +0 scale mail of Pathos {rF+}
 47708 | Shoals:2 | Found Wesar Holue's Magic Scroll Shoppe.
 48786 | Shoals:3 | Noticed Ilsuiw
 49021 | Snake:1  | Bought the ring "Umury" {Will++ SInv} for 576 gold pieces
 49223 | Elf:1    | Entered Level 1 of the Elven Halls
 49455 | Shoals:2 | Bought a scroll of blinking for 112 gold pieces
 49724 | Elf:1    | Paralysed by an air elemental for 1 turns
 50246 | Elf:1    | Reached skill level 10 in Throwing
 50481 | Elf:1    | Got a curling book
 50624 | Elf:1    | Found Sicipp's Weapon Shoppe.
 50820 | Elf:1    | Reached XP level 18. HP: 70/163 MP: 14/21
 51485 | Elf:2    | Noticed Zenata
 51497 | Elf:2    | Zenata changed into Zenata the four-headed hydra
 51497 | Elf:2    | Noticed Zenata
 51500 | Elf:2    | Killed Zenata the one-headed hydra
 51624 | Elf:2    | Found a huge runed translucent gate.
 51624 | Elf:2    | Found a huge runed translucent gate.
 51624 | Elf:2    | Found a huge runed translucent gate.
 51624 | Elf:2    | Found a huge runed translucent gate.
 51624 | Elf:2    | Found a huge runed translucent gate.
 51735 | Elf:2    | Noticed Saint Roka
 51771 | Elf:2    | Killed Saint Roka
 52057 | Elf:2    | Identified the +4 arbalest of Purpose {heavy, rC+ Will+++
                  | Dex-4}
 52951 | Elf:2    | Noticed Norris
 53364 | Elf:2    | Noticed Donald
 53381 | Elf:2    | Killed Donald
 53771 | Elf:3    | Entered Level 3 of the Elven Halls
 54567 | Elf:2    | Killed Norris
 54784 | Elf:3    | Noticed Asterion
 54801 | Elf:3    | Killed Asterion
 55217 | Elf:3    | Identified the +7 morningstar of Urgency {heavy, rPois
                  | Stlth+}
 55354 | Elf:3    | Identified the +6 halberd "Backscratcher" {flame, Str+5
                  | Stlth-}
 55354 | Elf:3    | Identified the ring of Vofe Eff {*Slow rElec Int+3 Dex-3
                  | SInv}
 56237 | Elf:3    | Reached skill level 15 in Long Blades
 56835 | Elf:3    | Identified the +10 shortbow of Magnificence {freeze, +Blink
                  | Fly rF+ Str+3}
 57291 | D:15     | Killed Rupert
 57402 | D:15     | Found a staircase to the Depths.
 58101 | Shoals:3 | Killed Ilsuiw
 58334 | Shoals:3 | Found Loigud's Distillery.
 58346 | Shoals:3 | Bought a potion of heal wounds for 75 gold pieces
 58346 | Shoals:3 | Bought a potion of curing for 45 gold pieces
 58346 | Shoals:3 | Bought a potion of curing for 45 gold pieces
 58379 | Shoals:2 | Bought a scroll of blinking for 112 gold pieces
 58379 | Shoals:2 | Bought 3 scrolls of teleportation for 135 gold pieces
 59327 | Shoals:3 | Reached XP level 19. HP: 164/174 MP: 22/22
 59717 | Shoals:4 | Entered Level 4 of the Shoals
 60872 | Shoals:4 | Got a barnacled rune of Zot
 61107 | Shoals:4 | Identified the +1 plate armour of Winter {+Inv rC- rCorr
                  | Slay+6}
 61493 | Vaults:1 | Entered Level 1 of the Vaults
 61493 | Vaults:1 | Found Kyodim's Armour Emporium.
 62416 | Vaults:1 | Reached skill level 13 in Dodging
 62982 | Vaults:1 | Found Zoirotei's General Store.
 63337 | Vaults:1 | Reached skill level 14 in Dodging
 64057 | Vaults:1 | Found Ymeroh's Weapon Shoppe.
 64329 | Vaults:1 | Reached skill level 15 in Dodging
 64451 | Vaults:1 | Noticed a golden dragon
 64461 | Vaults:1 | Killed a golden dragon
 65569 | Vaults:2 | Reached XP level 20. HP: 187/187 MP: 24/24
 65852 | Vaults:2 | Reached skill level 10 in Evocations
 66081 | Vaults:2 | Identified the +9 long sword of Malaise {drain, Will+}
 66325 | Vaults:1 | Bought +2 pearl dragon scales for 1409 gold pieces
 66701 | Vaults:2 | Paralysed by a formless jellyfish for 1 turns
 66706 | Vaults:2 | Paralysed by a formless jellyfish for 1 turns
 67525 | Snake:3  | Killed kickassninja's ghost
 67962 | Vaults:2 | Found a runed translucent gate.
 67962 | Vaults:2 | Found a runed translucent gate.
 67962 | Vaults:2 | Found a runed translucent gate.
 67963 | Vaults:2 | Noticed Gawed's ghost (adept KoFi)
 68349 | Vaults:2 | Found a staircase to the Crypt.
 68405 | Vaults:2 | Found Sioj's Magic Scroll Shop.
 68821 | Vaults:3 | Noticed Frederick
 68835 | Vaults:3 | Killed Frederick
 69583 | Vaults:3 | Found Xiqeowucsu's Antique Armour Shop.
 71792 | Vaults:4 | Reached XP level 21. HP: 91/194 MP: 25/25
 72277 | Vaults:4 | Reached skill level 15 in Armour
 72403 | Vaults:5 | Entered Level 5 of the Vaults
 72601 | Crypt:1  | Entered Level 1 of the Crypt
 73711 | Crypt:1  | Identified the +0 tower shield of the Albatross {Rampage
                  | rN++}
 73711 | Crypt:1  | Noticed Mennas
 73752 | Crypt:1  | Killed Mennas
 74438 | Crypt:1  | Found a runed translucent gate.
 74438 | Crypt:1  | Found a runed translucent gate.
 74440 | Crypt:1  | Found a runed translucent gate.
 74440 | Crypt:1  | Noticed Bunoc's ghost (veteran FoFi)
 74858 | Crypt:2  | Identified the +3 plate armour of the Moon {rN+ Int+4}
 76841 | Vaults:2 | Identified the +4 leather armour of Huck {*Corrode Drain
                  | +Blink Slay+5}
 76870 | Vaults:2 | Bought a scroll of acquirement for 780 gold pieces
 76872 | Vaults:2 | Acquired the ring of Royalty {+Blink rC+ AC+4 Slay+6}
 77013 | Crypt:3  | Entered Level 3 of the Crypt
 77628 | D:9      | Identified the +0 leather armour of Terror {rElec Dex+3
                  | Stlth-}
 77644 | D:9      | Identified the +10 mace of Contradiction {drain, rF- rC+++
                  | rCorr Stlth-}
 78503 | Crypt:3  | Noticed Grunn
 78630 | Crypt:3  | Killed Grunn
 78775 | Crypt:3  | Identified the +5 chain mail of Space {Dex+4 Stlth+}
 79109 | Crypt:3  | Identified the +8 chain mail "Wyimmuq" {rCorr}
 79140 | Crypt:3  | Got a faded book
 79495 | Crypt:3  | Reached XP level 22. HP: 187/211 MP: 26/26
 79584 | Crypt:3  | Found a staircase to the Tomb.
 81241 | Crypt:3  | Identified the +9 dagger of the Inquisitive Knives {heavy,
                  | Fly}
 81242 | Crypt:3  | Identified the +4 lajatang "Jocineho" {freeze, MP+9}
 81294 | Crypt:3  | Identified the +5 hand axe "Omunyras" {heavy, rElec Dex+3
                  | SInv Stlth+}
 81681 | Depths:1 | Entered Level 1 of the Depths
 81976 | Depths:1 | Noticed Nikola
 81997 | Depths:1 | Killed Nikola
 82106 | Depths:1 | Found a gateway to Hell.
 82172 | Depths:1 | Found Woucryga's Vocational Training.
 83345 | Depths:2 | Found a one-way gate leading to the halls of Pandemonium.
 83673 | Vaults:3 | Bought a brightly glowing buckler for 294 gold pieces
 83673 | Vaults:3 | Identified the -1 buckler of Dogma {rElec rN+ Int+2} (You
                  | bought it in a shop on level 3 of the Vaults)
 83828 | Vaults:2 | Bought a scroll of teleportation for 45 gold pieces
 83828 | Vaults:2 | Bought a scroll of fear for 60 gold pieces
 84305 | Depths:3 | Noticed Margery
 84331 | Depths:3 | Killed Margery
 84395 | Depths:3 | Found a one-way gate to the infinite horrors of the Abyss.
 84687 | Depths:3 | Found a one-way gateway to a ziggurat.
 85663 | Depths:2 | Reached skill level 15 in Shields
 85758 | Depths:2 | Identified the +0 robe of Moral Flaws {rElec Str+3 Int+7
                  | Slay-4}
 86334 | Depths:2 | Found The Legendary Gafaf's Legendary Smithy.
 86359 | Depths:2 | Found Muodes's General Store.
 86412 | Depths:2 | Found Daytoub's Miraculous Elixirs.
 86729 | Depths:4 | Entered Level 4 of the Depths
 86730 | Depths:4 | Noticed Vv
 87135 | Depths:3 | Killed Vv
 87343 | Depths:4 | Found Sucel's Antique Weapon Emporium.
 87705 | Depths:4 | Reached XP level 23. HP: 132/220 MP: 27/27
 88540 | Depths:4 | Found a gate to the Realm of Zot.
 89325 | Vaults:5 | Identified the +3 triple sword "Quqamyeje" {flame, rF+}
 89472 | Vaults:5 | Reached skill level 15 in Throwing
 89572 | Vaults:5 | Identified the +6 quarterstaff of Frustration {holy, rF-
                  | rN+++ Will- Dex+8}
 90226 | Vaults:5 | Got a levitating book
 90233 | Vaults:5 | Got a silver rune of Zot
 90288 | Vaults:5 | Reached skill level 16 in Dodging
 90544 | Vaults:5 | Found Ishrah's Jewellery Boutique.
 90832 | Vaults:5 | Identified the +1 helmet of Ehoussal {Drain rPois rF+}
 91264 | Vaults:5 | Reached skill level 17 in Dodging
 91383 | Vaults:5 | Identified the +5 demon blade of Kutead {elec, Int+3}
 91388 | Vaults:5 | Identified the staff "Fafim" {Int+3 Dex+3 Earth}
 91905 | Zot:1    | Entered Level 1 of the Realm of Zot
 93050 | D:10     | You paid a toll of +3 storm dragon scales to enter a
                  | treasure trove
 93051 | Trove    | Entered a treasure trove
 93053 | Trove    | Identified the ring of Winter {rN+++ Will- MP+9 Int+5}
 93056 | Trove    | Identified the ring "Molis" {Fly rF- rC+ Dex+3 SInv}
 93069 | Trove    | Identified the ring of Kufocus {rF++ Str+6}
 93081 | Trove    | Identified the ring of Enytz {Will+ Str+7 SInv Stlth-}
 93479 | Zot:1    | Reached XP level 24. HP: 199/228 MP: 0/27
 94280 | Zot:1    | Noticed an orb of fire
 94298 | Zot:1    | Killed an orb of fire
 94299 | Zot:1    | Reached skill level 18 in Dodging
 95724 | Zot:2    | Reached skill level 19 in Dodging
 96421 | Zot:3    | Identified the +6 plate armour of Distant Worlds {Dex+2}
 96940 | Zot:3    | Reached skill level 20 in Dodging
 97051 | Zot:3    | Identified the ring "Zoffeu" {AC+4 SInv}
 97324 | Zot:3    | Identified the +7 dagger of Ytinuunk {antimagic, Str+5}
 97728 | Zot:4    | Found the +4 dragonskin cloak
 97728 | Zot:4    | Noticed Tiamat
 98187 | Zot:4    | Reached skill level 21 in Dodging
 98400 | Zot:5    | Entered Level 5 of the Realm of Zot
 98828 | Zot:4    | Killed Tiamat
 99187 | Zot:4    | Noticed a Killer Klown
 99203 | Zot:4    | Reached XP level 25. HP: 206/235 MP: 27/27
 99462 | Zot:4    | Reached skill level 22 in Dodging
100688 | Zot:5    | Noticed an ancient lich
100701 | Zot:5    | Killed an ancient lich
100706 | Zot:5    | Noticed an orb of fire
100706 | Zot:5    | Gained mutation: You do not regenerate when monsters are
                  | visible. [an orb of fire]
100718 | Zot:5    | Gained mutation: You are clumsy. (Dex -2) [an orb of fire]
100723 | Zot:5    | Lost mutation: You are clumsy. (Dex -2) [an orb of fire]
100725 | Zot:5    | Killed an orb of fire
100840 | Zot:5    | Lost mutation: You do not regenerate when monsters are
                  | visible. [potion of mutation]
100840 | Zot:5    | Lost mutation: You are weak. (Str -2) [potion of mutation]
100840 | Zot:5    | Gained mutation: You occasionally lose the ability to drink
                  | potions when taking damage. [potion of mutation]
100840 | Zot:5    | Gained mutation: You are vulnerable to heat. (rF-) [potion
                  | of mutation]
100840 | Zot:5    | Gained mutation: You are weak. (Str -2) [potion of
                  | mutation]
100841 | Zot:5    | Lost mutation: You are weak. (Str -2) [potion of mutation]
100841 | Zot:5    | Lost mutation: You occasionally lose the ability to drink
                  | potions when taking damage. [potion of mutation]
100841 | Zot:5    | Gained mutation: Armour fits poorly on your strangely
                  | shaped body. [potion of mutation]
100841 | Zot:5    | Gained mutation: You passively dampen the noise of your
                  | surroundings. [potion of mutation]
100841 | Zot:5    | Gained mutation: Your system is resistant to poisons.
                  | (rPois) [potion of mutation]
100842 | Zot:5    | Lost mutation: Your system is resistant to poisons. (rPois)
                  | [potion of mutation]
100842 | Zot:5    | Lost mutation: You are vulnerable to heat. (rF-) [potion of
                  | mutation]
100842 | Zot:5    | Lost mutation: You passively dampen the noise of your
                  | surroundings. [potion of mutation]
100842 | Zot:5    | Gained mutation: You are strong-willed. (Will+) [potion of
                  | mutation]
100843 | Zot:5    | Lost mutation: Armour fits poorly on your strangely shaped
                  | body. [potion of mutation]
100843 | Zot:5    | Lost mutation: You are strong-willed. (Will+) [potion of
                  | mutation]
100843 | Zot:5    | Gained mutation: You have a somewhat thin skeletal
                  | structure. (Dex +2, Stealth+) [potion of mutation]
100843 | Zot:5    | Gained mutation: You sometimes lose your temper in combat.
                  | [potion of mutation]
100843 | Zot:5    | Lost mutation: You sometimes lose your temper in combat.
                  | [potion of mutation]
100843 | Zot:5    | Gained mutation: Your muscles are strong. (Str +4, Int/Dex
                  | -1) [potion of mutation]
101039 | Depths:2 | Bought a potion of mutation for 400 gold pieces
101039 | Depths:2 | Bought a potion of mutation for 400 gold pieces
101039 | Depths:2 | Bought 2 potions of mutation for 800 gold pieces
101039 | Depths:2 | Bought 2 potions of mutation for 800 gold pieces
101039 | Depths:2 | Bought a potion of mutation for 400 gold pieces
101039 | Depths:2 | Bought a potion of mutation for 400 gold pieces
101039 | Depths:2 | Bought a potion of mutation for 400 gold pieces
101039 | Depths:2 | Bought a potion of mutation for 400 gold pieces
101039 | Depths:2 | Bought a potion of mutation for 400 gold pieces
101039 | Depths:2 | Bought a potion of mutation for 400 gold pieces
101344 | Zot:5    | Noticed an ancient lich
101350 | Zot:5    | Killed an ancient lich
101351 | Zot:5    | Reached skill level 23 in Dodging
101351 | Zot:5    | Noticed a dread lich
101371 | Zot:5    | Noticed an orb of fire
101375 | Zot:5    | Gained mutation: You are clumsy. (Dex -2) [an orb of fire]
101378 | Zot:5    | Killed an orb of fire
101381 | Zot:5    | Noticed an orb of fire
101388 | Zot:5    | Killed a dread lich
101400 | Zot:5    | Gained mutation: You occasionally lose the ability to read
                  | scrolls when taking damage. [an orb of fire]
101403 | Zot:5    | Killed an orb of fire
101407 | Zot:5    | Noticed an ancient lich
101416 | Zot:5    | Killed an ancient lich
101871 | Zot:5    | Reached skill level 24 in Dodging
102231 | Hell     | Entered the Vestibule of Hell
102231 | Hell     | Noticed Geryon
102767 | Hell     | Noticed Murray
102947 | Depths:3 | Killed Murray
104101 | Depths:3 | Reached skill level 25 in Dodging
104204 | Hell     | Killed Geryon
105002 | Hell     | Found a gateway to the freezing wastes of Cocytus.
105112 | Hell     | Found a gateway to the Iron City of Dis.
105181 | Hell     | Found a gateway to the ashen valley of Gehenna.
105236 | Hell     | Found a gateway to the decaying netherworld of Tartarus.
105676 | Crypt:1  | Killed Bunoc's ghost
105787 | Vaults:2 | Killed Gawed's ghost
105792 | Vaults:2 | Reached XP level 26. HP: 243/244 MP: 27/27
105894 | Vaults:2 | Identified the scarf "Joivaogakk" {rC+ rF+, Str-3 Dex+5}
106138 | Pan      | Entered Pandemonium
106216 | Pan      | Lost mutation: You occasionally lose the ability to read
                  | scrolls when taking damage. [potion of mutation]
106216 | Pan      | Lost mutation: You are clumsy. (Dex -2) [potion of
                  | mutation]
106216 | Pan      | Lost mutation: Your muscles are strong. (Str +4, Int/Dex
                  | -1) [potion of mutation]
106216 | Pan      | Gained mutation: You possess an exceptional clarity of
                  | mind. [potion of mutation]
106216 | Pan      | Gained mutation: You are weak. (Str -2) [potion of
                  | mutation]
106216 | Pan      | Gained mutation: Your spells are a little harder to cast,
                  | but a little more powerful. [potion of mutation]
106317 | Pan      | Noticed Paomadum the pandemonium lord
106557 | Pan      | Reached skill level 26 in Dodging
106637 | Pan      | Killed Paomadum the pandemonium lord
107308 | Pan      | Got a demonic rune of Zot
108571 | Pan      | Noticed Esyhib the pandemonium lord
108582 | Pan      | Killed Esyhib the pandemonium lord
108998 | Pan      | Found an exit through the horrors of the Abyss.
109235 | Pan      | Reached skill level 27 in Dodging
109575 | Pan      | Noticed Huraqi Otaug the pandemonium lord
109613 | Pan      | Killed Huraqi Otaug the pandemonium lord
109617 | Depths:2 | Escaped Pandemonium
109982 | Depths:3 | Voluntarily entered the Abyss.
110859 | Abyss:3  | Noticed a dread lich
110869 | Abyss:3  | Killed a dread lich
111492 | Abyss:3  | Got an abyssal rune of Zot
111498 | Depths:3 | Escaped the Abyss
112003 | Slime:1  | Entered Level 1 of the Pits of Slime
112795 | Slime:2  | Noticed Dissolution
112806 | Slime:2  | Paralysed by a floating eye for 2 turns
112811 | Slime:2  | Killed Dissolution
113340 | Slime:4  | Reached XP level 27. HP: 259/259 MP: 27/27
114147 | Slime:5  | Entered Level 5 of the Pits of Slime
114240 | Slime:5  | Noticed the Royal Jelly
114253 | Slime:5  | Killed the Royal Jelly
114551 | Slime:5  | Gained mutation: You are frail. (-10% HP) [a shining eye]
114607 | Slime:5  | Identified the amulet "Tificah" {Faith Harm rC- rN++ Int+4}
114609 | Slime:5  | Identified the +10 lajatang of the Rattlesnake {freeze,
                  | rF+}
114621 | Slime:5  | Identified the +0 scale mail of Okawaru's Condemnation
                  | {Dex+3}
114633 | Slime:5  | Got a humming book
114683 | Slime:5  | Got a slimy rune of Zot
114692 | Slime:5  | Identified the +1 plate armour "Lidem" {Str+4}
114720 | Slime:5  | Gained mutation: You are occasionally teleported next to
                  | monsters. [a shining eye]
115220 | D:11     | Lost mutation: You are occasionally teleported next to
                  | monsters. [potion of mutation]
115220 | D:11     | Lost mutation: You possess an exceptional clarity of mind.
                  | [potion of mutation]
115220 | D:11     | Lost mutation: Your spells are a little harder to cast, but
                  | a little more powerful. [potion of mutation]
115220 | D:11     | Gained mutation: You passively map a small area around you.
                  | [potion of mutation]
115220 | D:11     | Gained mutation: You possess an exceptional clarity of
                  | mind. [potion of mutation]
115221 | D:11     | Lost mutation: You have a somewhat thin skeletal structure.
                  | (Dex +2, Stealth+) [potion of mutation]
115221 | D:11     | Lost mutation: You possess an exceptional clarity of mind.
                  | [potion of mutation]
115221 | D:11     | Lost mutation: You are frail. (-10% HP) [potion of
                  | mutation]
115221 | D:11     | Gained mutation: Your system is resistant to poisons.
                  | (rPois) [potion of mutation]
115385 | Depths:1 | Bought a manual of Invocations for 960 gold pieces
115385 | Depths:1 | Bought a manual of Evocations for 960 gold pieces
115437 | Pan      | Entered Pandemonium
115437 | Pan      | Found an exit through the horrors of the Abyss.
115558 | Pan      | Took an exit into the Abyss.
115558 | Abyss:3  | Escaped into the Abyss
115564 | Depths:2 | Escaped the Abyss
116094 | Zot:5    | Got the Orb of Zot
116224 | Zot:1    | Noticed Ysen the pandemonium lord
116328 | Depths:4 | Noticed Zoumoc the pandemonium lord
116542 | D:13     | Noticed Uwez the pandemonium lord
116557 | D:13     | Killed Uwez the pandemonium lord
116988 | D:$      | Escaped with the Orb!

Illustrated notes

Levels and vault maps discovered:
D:1:      dpeg_arrival_lava_altar, layout_basic
D:2:      layout_basic
D:3:      layout_basic, trog_three_pillars_becter,
          nicolae_qazlal_style_of_elements, grunt_dithmenos_smoke, minivault_25,
          nicolae_eternal_life, uniq_jessica
D:4:      minmay_chambers_of_threes, layout_basic, mainiacjoe_overflow_chevrons,
          serial_shops, shop
D:5:      layout_loops_corners, serial_shops, nicolae_shop_advertising_works
          [nicolae_subvault_shop_adworks], portal_sewer_entry_d
D:6:      layout_basic, mainiacjoe_overflow_surrounded_room,
          mainiacjoe_overflow_brackets, lemuel_tele_altar,
          minmay_temple_entry_large_hall, uniq_eustachio
D:7:      layout_rooms, ashenzari_conservatory_becter, cheibriados_altar_1,
          jmf_multi_god_temple2, grunt_ministairs_3
D:8:      layout_basic, gammafunk_ghost_hydra_chop,
          dreamdust_deal_with_the_devil, chequers_hall_statues_y,
          grunt_ministairs_6
D:9:      layout_rooms, demons_altar, mainiacjoe_overflow_six_doors_small,
          lemuel_mausoleum_altar_kikubaaqudgha,
          mainiacjoe_overflow_cross_hatched, minivault_14,
          dreamdust_wishing_well, minivault_12
D:10:     hangedman_cross_cluster, layout_irregular_city,
          mainiacjoe_overflow_paths, david_lair_shrubbed,
          trove_entry_hex_spiral, serial_bayou_pond_d, worms_lemuel, uniq_lodul
D:11:     layout_loops_cross, orc_0_dummy
D:12:     layout_roguey, portal_ice_cave_entry_ice_simulacra, serial_shops,
          statue_bzr, uniq_nergalle, uniq_frances, uniq_snorg
D:13:     erik_rubicon_b, layout_loops_ring, serial_demonic, serial_demonic_f,
          serial_demonic_f, serial_demonic_g, serial_demonic_d
D:14:     layout_loops_ring, hellmonk_vaults_keyhole, serial_shops,
          nicolae_square_shop, uniq_josephine
D:15:     hellmonk_depths_entry_around_the_bend, layout_basic,
          nicolae_elyvilon_peaceful_grove, uniq_rupert
Temple:   hellmonk_temple_two_chambers
Lair:1:   beast_lair_carwin_large_2, layout_cave_pods, pdpol_lair_cavern_descent
Lair:2:   layout_cave_pods, minmay_snake_entry_six_corridors, uniq_gastronok
Lair:3:   layout_cave_shapes, minmay_shoals_entry_hut
Lair:4:   layout_misc_corridors, nicolae_volcano_entry_batcave,
          hangedman_tree_tricks, nicolae_quartered_pool_impasse,
          minmay_lair_drake_nest, grunt_megastairs_2
Lair:5:   guppyfry_lair_end_dragon, layout_gridlike, wormcave,
          minmay_slime_entry_pillars, serial_bayou_ford_a
Shoals:1: layout_shoals
Shoals:2: layout_shoals, serial_shops, nicolae_shop_statue_plus,
          nicolae_shoals_nymph_descending_staircase
Shoals:3: layout_shoals, serial_shops, shop, uniq_ilsuiw
Shoals:4: shoals_end_hellmonk_lost_city
Snake:1:  layout_chambers, serial_shops, bzr_entry_lakeside,
          nicolae_shop_pleasant_corner_grove,
          nicolae_shop_pleasant_corner_grove, shop, shop, serial_bayou_lagoon_a,
          nicolae_shop_clearance, uniq_kirke
Snake:2:  layout_onion, nicolae_snake_boneroom
Snake:3:  layout_gridlike, gammafunk_ghost_split, minmay_shop_star
Snake:4:  hellmonk_snake_rune_quicksilver_temple, layout_misc_corridors,
          nicolae_snake_gridmaze_tees, hangedman_snake_thin_pillar_pass,
          uniq_vashnia, uniq_aizul, uniq_louise
Slime:1:  layout_caves, nicolae_slime_barrier
Slime:2:  layout_caves, uniq_dissolution
Slime:3:  layout_caves
Slime:4:  cheibrodos_slime_lost_civilization_1, layout_caves
Slime:5:  slime_pit_nicolae_jellycorners
Orc:1:    layout_diamond_mine, nicolae_orc_flooded_monolith
Orc:2:    st_orc_mages, layout_diamond_mine, serial_shops, shop, uniq_maurice,
          uniq_jorgrun
Elf:1:    hangedman_cross_veins, layout_rooms, serial_shops,
          nicolae_shop_hallway_plus, minmay_elf_demonology
Elf:2:    elven_hall_of_blades_hangedman_alternative [nicolae_blade_bullseye],
          layout_geoelf_grid, basic_altar, uniq_norris, uniq_donald,
          uniq_saint_roka, uniq_zenata
Elf:3:    minmay_elf_hall_not_hex, layout_geoelf_octagon, uniq_asterion
Vaults:1: v_misc_18, grunt_vaults_focal, nicolae_vaults_shipping_containers_2,
          nicolae_vaults_more_shelving_2, nicolae_vaults_little_squares_3,
          nicolae_vaults_stepped_doors, nicolae_vaults_door_testing_chamber,
          layout_vaults_omnigrid, serial_shops, shop, shop, shop
Vaults:2: gammafunk_ghost_fury_of_okawaru, nicolae_vaults_storage_closets_2,
          vaults_room_door_ring, nicolae_vaults_alarming,
          ontoclasm_vaults_claustrophobia, v_pattern_1,
          minmay_crypt_entry_skeletal_spiral, v_misc_9,
          nicolae_vaults_network_star, nicolae_vaults_little_squares_3,
          nicolae_vaults_tetromino_T_1, nicolae_vaults_mini_display_case,
          st_spiral_rooms, nicolae_vaults_tetromino_L_2, ontoclasm_vaults_tryst,
          nicolae_vaults_offset_grid_hallway_3, layout_vaults_big_cross,
          serial_shops, shop_coins
Vaults:3: ontoclasm_vaults_ring_square, grunt_vaults_hallway_long, v_rooms_4,
          v_alt_pattern_2, v_misc_11, hangedman_vaults_impose,
          nicolae_vaults_network_s, v_pattern_2, nicolae_vaults_apartment_1,
          nicolae_vaults_gold_heap, v_misc_11,
          nicolae_vaults_trapezoid_lopsided_3, layout_vaults_maze_bifur,
          serial_shops, nicolae_shop_rolling_square, uniq_frederick
Vaults:4: nicolae_vaults_enemy_cabinets, nicolae_vaults_heart-shaped_vault,
          nicolae_vaults_closet_pinwheel_1, v_misc_3,
          nicolae_vaults_wine_cellar, nicolae_vaults_stairing_the_circle,
          vaults_mumra_lcd, grunt_vaults_hallway_long, nicolae_vaults_asterisk,
          nicolae_vaults_rhombus_6, nicolae_vaults_closet_pinwheel_6,
          layout_vaults_ring
Vaults:5: serial_shops
Crypt:1:  hangedman_staggered_hall, layout_rooms, ebering_ghost_rock_garden,
          grunt_ministairs_6, corexii_leaking_fountain, st_stairs_1,
          grunt_crypt_arrival_guarded_gate, uniq_mennas
Crypt:2:  layout_basic, grunt_megastairs_1
Crypt:3:  evilmike_haunted_forest, uniq_grunn
Depths:1: layout_cave_pools, kennysheep_cross_bottleneck,
          pf_hell_entry_tar_spiral, nicolae_shop_vocational, uniq_nikola
Depths:2: grated_community_mu [grated_community_mu_vampire_home,
          grated_community_mu_giant_home, grated_community_mu_spellcaster_home,
          grated_community_mu_orcish_home, grated_community_mu_troll_home,
          grated_community_mu_taur_home, grated_community_mu_unbuilt_plot],
          layout_cave_pools, nicolae_titane, hangedman_geh_valley,
          grunt_pan_entry_zigzag
Depths:3: grunt_twist_and_shout, layout_honeycomb, enter_ziggurat_a, hell_entry,
          pan_entry, abyss_entry, hangedman_decor_clover_reticule, minivault_16,
          uniq_margery
Depths:4: grunt_zot_entry_alcove, layout_cave_pools, dk_noncrumbling_3,
          serial_shops, nicolae_shop_dealshenge, hell_entry,
          serial_bayou_shore_a, uniq_josephina, uniq_vv
Hell
Zot:1:    layout_gridlike, skrybe_zot_glass_1
Zot:2:    layout_basic
Zot:3:    layout_twisted_circle, st_large_dragon_hoard_4
Zot:4:    layout_cathedral_of_symmetry, grunt_ministairs_11, uniq_tiamat
Zot:5:    layout_gridlike, st_stairs_2

Skill      XL: |  1  2  3  4  5  6  7  8  9 10 11 12 13 14 15 16 17 18 19 20 21 22 23 24 25 26 27 |
---------------+----------------------------------------------------------------------------------+-----
Fighting       | 2 3 4 5 6 8 9 11 12 15 16 18 20 21 23 24 | 24.8
Short Blades   | 3 4 7 8 |  8.8
Long Blades    | 4 8 11 12 15 | 15.1
Dodging        | 6 9 11 12 15 17 21 25 27 | 27.0
Armour         | 4 6 11 14 15 | 15.8
Shields        | 6 8 9 10 16 | 16.0
Throwing       | 5 8 11 12 16 | 16.0
Evocations     | 8 9 12 | 12.0
Stealth        | |  3.6

Action                     |  1- 3 |  4- 6 |  7- 9 | 10-12 | 13-15 | 16-18 | 19-21 | 22-24 | 25-27 || total
---------------------------+-------+-------+-------+-------+-------+-------+-------+-------+-------++-------
  Melee: Dagger            |   207 |   251 |       |       |       |       |       |       |       ||   458
         Short sword       |       |    19 |   162 |    16 |       |       |       |       |       ||   197
         Rapier            |       |       |    49 |       |       |       |       |       |       ||    49
         Falchion          |       |       |   214 |       |       |       |       |       |       ||   214
         Scimitar          |       |       |    33 |   823 |  1029 |  1749 |       |       |       ||  3634
         Unarmed           |       |       |       |       |       |    13 |       |       |       ||    13
         Double sword      |       |       |       |       |       |   447 |  2400 |  2065 |  2110 ||  7022
  Throw: Dart              |       |     1 |     8 |    43 |    10 |       |       |       |       ||    62
         Boomerang         |       |       |       |       |       |    15 |     1 |    27 |    90 ||   133
         Javelin           |       |       |       |       |       |     4 |     6 |     3 |     4 ||    17
         Throwing net      |       |       |       |       |       |     2 |       |       |       ||     2
  Evoke: Wand              |       |       |     7 |     4 |     8 |    19 |     6 |     1 |     3 ||    48
         Condenser vane    |       |       |       |       |     1 |     2 |       |     1 |       ||     4
         Phial of floods   |       |       |       |       |       |     2 |     1 |     1 |       ||     4
         Sack of spiders   |       |       |       |       |       |       |     1 |       |       ||     1
         Phantom mirror    |       |       |       |       |       |       |     1 |       |       ||     1
         Lightning rod     |       |       |       |       |       |       |       |     4 |       ||     4
    Use: Scroll            |     2 |     9 |    11 |     9 |    14 |    22 |     8 |    13 |    15 ||   103
         Potion            |       |       |     2 |     1 |     4 |     2 |     1 |     4 |     9 ||    23
   Stab: Sleeping          |     2 |     4 |     3 |    11 |     6 |     4 |     2 |       |     5 ||    37
         Distracted        |       |       |     2 |     1 |     4 |     2 |     5 |     4 |     6 ||    24
         Confused          |       |       |       |       |     4 |       |       |       |       ||     4
         Invisible         |       |       |       |       |       |       |       |     8 |       ||     8
 Armour: Scale mail        |   143 |   171 |   259 |       |   337 |   858 |   312 |       |       ||  2080
         Robe              |     2 |       |       |       |       |       |       |       |       ||     2
         Steam dragon scal |       |       |    83 |    67 |       |       |       |       |       ||   150
         Ring mail         |       |       |       |   481 |    67 |       |       |       |       ||   548
         Acid dragon scale |       |       |       |       |    98 |       |       |       |       ||    98
         Skin              |       |       |       |       |       |     6 |       |       |       ||     6
         Pearl dragon scal |       |       |       |       |       |       |   472 |   766 |   487 ||  1725
  Dodge: Dodged            |    81 |    83 |   241 |   601 |   623 |  1116 |  1285 |  1327 |  2391 ||  7748
  Block: Buckler           |    19 |    57 |   116 |   280 |   358 |    11 |       |       |       ||   841
         Kite shield       |       |       |       |       |       |  1839 |  2572 |  2303 |  2949 ||  9663
         Reflection        |       |       |       |       |       |     3 |    89 |    54 |    36 ||   182

Table legend: (Time is in decaauts)
 A = Elapsed time spent in this place.
 B = Non-inter-level travel time spent in this place.
 C = Inter-level travel time spent in this place.
 D = Time resting spent in this place.
 E = Time spent auto-exploring this place.
 F = Levels seen in this place.
 G = Mean time per level.
                   A        B        C        D        E       F      G
               +--------+--------+--------+--------+--------+-----+--------+
         Total | 115170 |  97030 |  18140 |  21904 |  53573 |  71 | 1622.1 |
       Dungeon |  29721 |  23396 |   6325 |   5847 |  12552 |  15 | 1981.4 |
        Temple |      9 |      9 |      0 |      0 |      0 |   1 |    9.0 |
          Lair |   8847 |   7255 |   1592 |    745 |   5300 |   5 | 1769.4 |
        Shoals |   6915 |   6024 |    891 |    556 |   4170 |   4 | 1728.8 |
     Snake Pit |   8656 |   7531 |   1125 |    948 |   4884 |   4 | 2164.0 |
    Slime Pits |   3046 |   2783 |    263 |    189 |   2103 |   5 |  609.2 |
  Orcish Mines |   3113 |   2364 |    749 |    818 |   1105 |   2 | 1556.5 |
   Elven Halls |   6705 |   6131 |    574 |   2207 |   2437 |   3 | 2235.0 |
        Vaults |  14604 |  11041 |   3563 |   1629 |   7074 |   5 | 2920.8 |
         Crypt |   7842 |   7265 |    577 |   2266 |   3532 |   3 | 2614.0 |
        Depths |  10644 |   8851 |   1793 |   3753 |   3604 |   4 | 2661.0 |
          Hell |    693 |    669 |     24 |     70 |    293 |   1 |  693.0 |
           Zot |   8651 |   7993 |    658 |   1672 |   4651 |   5 | 1730.2 |
         Abyss |   1433 |   1433 |      0 |    130 |      0 |   4 |  358.2 |
   Pandemonium |   3481 |   3481 |      0 |   1049 |   1423 |   5 |  696.2 |
        Bazaar |    172 |    172 |      0 |      0 |     80 |   2 |   86.0 |
         Trove |     56 |     56 |      0 |      0 |      0 |   1 |   56.0 |
         Sewer |    531 |    531 |      0 |     20 |    324 |   1 |  531.0 |
       Volcano |     42 |     42 |      0 |      0 |     38 |   1 |   42.0 |
               +--------+--------+--------+--------+--------+-----+--------+

Top non-repeatable levels by time:
    D:10: 5618 daAuts
Depths:3: 5241 daAuts
Vaults:2: 4191 daAuts
Vaults:1: 3915 daAuts
 Crypt:3: 3443 daAuts
Depths:2: 3212 daAuts
 Crypt:1: 3149 daAuts
     D:9: 3136 daAuts
   Elf:3: 2944 daAuts
 Snake:4: 2621 daAuts
     D:6: 2579 daAuts
Shoals:2: 2502 daAuts
    D:13: 2387 daAuts
   Zot:3: 2383 daAuts
    D:14: 2367 daAuts
